Cogmind - Beta 12 @@@ ROGUE MODE // 2023.04.03 @ 23:32:10 Player: Plexion Result: Heading to fleet! Performance ------------- Evolutions (9) 4500 Regions Visited (38) 7600 Robots Destroyed (291) 1455 Value Destroyed (12298) 12298 Prototype IDs (325) 6500 Alien Tech Used (14) 2800 Bonus (39039) 39039 TOTAL SCORE: 74192 Bonus ------- Triggered Max Security 1000 High Alert Combat Kills 1041 Follower Combat Kills 1891 Aligned with FarCom 300 Met Data Miner 300 Met Imprinter 300 Triggered Deep Caves Wall 500 Exposed GOLEM Chamber 500 Met Zhirov 300 Met Warlord at Base 500 MAIN.C Attacked Warlord 500 Warlord Defense Kills 1026 Used Core Reset Matrix 3000 Met Warlord at Research 2000 Integrated Exoskeleton 5000 Recovered Sigix Corpse 2000 Destroyed MAIN.C Guards 500 Met MAIN.C 5000 Destroyed MAIN.C Shell 5000 Destroyed MAIN.C 10000 Met Architect 300 Win 3000 Friendly Fire -4919 Cogmind --------- Core Integrity 787/2100 Matter 381/425 Energy 338/340 System Corruption 1% Temperature Cool (0) Movement Walking (30) Location To Fleet Rendezvous Parts ------- > --- POWER (1) -------- Zero-point Reactor > --- PROPULSION (6) --- Sigix Exoskeleton > --- UTILITY (4) ------ Experimental Targeting Computer Experimental Core Analyzer Advanced Phase Shifter Spacefold Activator > --- WEAPON (3) ------- Sigix Sheargun Sigix Sheargun Sigix Sheargun (fused) > --- INVENTORY (5) ---- Zionite Biocell (600) Advanced Weapon Cycler AEGIS Remote Shield Sigix Corpse Peak State ------------ > --- POWER ------------ (None) > --- PROPULSION ------- Biometal Heavy Treads Sigix Exoskeleton > --- UTILITY ---------- Zionite Biocell Experimental Armor Integrity Analyzer Experimental Reaction Control System Spacefold Activator > --- WEAPON ----------- Sigix Sheargun Sigix Broadsword > --- INVENTORY -------- High-powered Transdimensional Reconstructor Sigix Sheargun Sigix Sheargun [Rating: 253] Favorites ----------- Power Cold Fusion Reactor Engine Ion Engine Power Core Light Nuclear Core Reactor Cold Fusion Reactor Propulsion Light Treads Treads Light Treads Leg Assembled Alloy Leg Wheel Armored Huge Wheel Hover Unit Combat Antigrav System Flight Unit Cooled VTOL Module Utility Huge Storage Unit Device Experimental Sensor Array Storage Huge Storage Unit Processor Advanced Signal Interpreter Hackware Makeshift Hacking Suite Protection Assembled Alloy Armor Artifact Spacefold Activator Weapon Assembled Focal Cannon Energy Gun Sigix Sheargun Energy Cannon Assembled Focal Cannon Ballistic Gun 8R-AWN's Boregun Launcher Precision Grenade Launcher Special Weapon Plasma Cutter Slashing Weapon Makeshift Axe Piercing Weapon CR-A16's Behemoth Slayer Build | -11 -10 -10 -9 -9 -9 -8 -8 -7 -7 -7 -7 -6 -6 -6 -6 -6 -6 -5 -5 -5 -5 -5 -4 -4 -4 -4 -4 -4 -4 -3 -3 -3 -2 -2 -2 -1 -1 -1 ------- Run | Jun Mat Min Mat Min Exi Min Mat Fac Low Low Dat Pro Fac Low Low Zio Dee Pro Fac Upp Upp War Pro Fac Was Fac Upp Upp Zhi Pro Res Qua Res Tes Sec Acc Com Ac0 Slots Evolved 18 | . . . 2 . . . 2 2 . . . . 2 . . . . . 2 . . . . 2 . . . . . . 2 . 2 . . 2 . . Power 1 | . . . . . . . . . . . . . . . . . . . 1 . . . . . . . . . . . . . . . . . . . Propulsion 4 | . . . 1 . . . 1 . . . . . . . . . . . . . . . . 1 . . . . . . 1 . . . . . . . Utility 11 | . . . 1 . . . 1 2 . . . . 2 . . . . . 1 . . . . 1 . . . . . . 1 . 1 . . 1 . . Weapon 2 | . . . . . . . . . . . . . . . . . . . . . . . . . . . . . . . . . 1 . . 1 . . Parts Attached 507 | 7 6 1 21 11 17 5 21 17 1 7 2 9 17 6 4 4 47 7 15 6 6 11 8 . 12 8 1 3 16 5 13 10 33 44 41 5 52 8 Power 22 | 2 . . 1 . 1 . . . . . . . . . . . 1 . . . . 2 . . 1 . . . 4 . 2 . . 4 1 . 3 . Engine 2 | 2 . . . . . . . . . . . . . . . . . . . . . . . . . . . . . . . . . . . . . . Core 1 | . . . 1 . . . . . . . . . . . . . . . . . . . . . . . . . . . . . . . . . . . Reactor 19 | . . . . . 1 . . . . . . . . . . . 1 . . . . 2 . . 1 . . . 4 . 2 . . 4 1 . 3 . Propulsion 63 | 2 3 . 8 1 2 . 10 1 . . . . 1 . . . 14 . 1 . 1 . . . 6 1 . . 5 . . 1 3 1 1 1 . . Treads 41 | 2 1 . 8 1 1 . 9 . . . . . 1 . . . 10 . 1 . 1 . . . 4 1 . . . . . . . . . 1 . . Leg 4 | . . . . . . . . . . . . . . . . . 4 . . . . . . . . . . . . . . . . . . . . . Wheel 4 | . 2 . . . 1 . . 1 . . . . . . . . . . . . . . . . . . . . . . . . . . . . . . Hover 13 | . . . . . . . . . . . . . . . . . . . . . . . . . 2 . . . 5 . . 1 3 1 1 . . . Flight 1 | . . . . . . . 1 . . . . . . . . . . . . . . . . . . . . . . . . . . . . . . . Utility 306 | 1 1 1 9 7 8 4 6 5 1 2 2 6 9 4 3 4 26 7 14 6 5 8 7 . 5 7 1 3 6 2 10 6 25 16 32 2 37 8 Device 183 | . . 1 2 4 7 4 . 3 1 1 1 3 3 1 2 1 10 4 7 3 3 3 5 . 4 3 1 1 3 1 6 4 21 15 24 1 25 5 Storage 17 | 1 1 . . 1 . . 1 . . . . . 1 . . . 2 . . . 1 . . . . 1 . . 1 . 2 . 1 . 3 . 1 . Processor 18 | . . . . . . . 1 1 . . . . 2 . . . 1 . . . . 2 . . . . . 1 . . . . . . . . 9 1 Hackware 6 | . . . . . . . 2 . . . . . 2 . . . . . 1 . . . . . . 1 . . . . . . . . . . . . Protection 74 | . . . 7 2 1 . 2 1 . 1 1 3 1 3 1 3 13 3 6 3 1 3 2 . 1 2 . 1 2 1 2 2 3 1 2 . . . Artifact 8 | . . . . . . . . . . . . . . . . . . . . . . . . . . . . . . . . . . . 3 1 2 2 Weapon 116 | 2 2 . 3 3 6 1 5 11 . 5 . 3 7 2 1 . 6 . . . . 1 1 . . . . . 1 3 1 3 5 23 7 2 12 . Energy Gun 9 | . . . . . . . . . . . . . . . . . . . . . . . . . . . . . . . . . . . . 1 8 . Energy Cannon 29 | . . . . . . . . . . . . . 2 . 1 . 4 . . . . . . . . . . . . 3 1 2 1 9 6 . . . Ballistic Gun 27 | 2 2 . 1 2 2 1 2 5 . 3 . 2 3 1 . . 1 . . . . . . . . . . . . . . . . . . . . . Ballistic Cannon . | . . . . . . . . . . . . . . . . . . . . . . . . . . . . . . . . . . . . . . . Launcher 13 | . . . 2 . 1 . 2 3 . 1 . . 1 1 . . . . . . . 1 . . . . . . . . . 1 . . . . . . Special Weapon 3 | . . . . 1 1 . . . . . . . . . . . . . . . . . . . . . . . . . . . . 1 . . . . Impact Weapon . | . . . . . . . . . . . . . . . . . . . . . . . . . . . . . . . . . . . . . . . Slashing Weapon 31 | . . . . . 2 . 1 3 . 1 . 1 1 . . . 1 . . . . . . . . . . . . . . . 4 12 . 1 4 . Piercing Weapon 4 | . . . . . . . . . . . . . . . . . . . . . . . 1 . . . . . 1 . . . . 1 1 . . . Special Melee Weapon . | . . . . . . . . . . . . . . . . . . . . . . . . . . . . . . . . . . . . . . . Unidentified Prototypes 58 | . . 1 . 2 5 . 2 1 . . . . 4 . . . 7 . . . . 5 . . 3 . . . 3 . . 1 9 3 . . 12 . Parts Lost 23 | . . . 1 1 . . . . . . . . 1 . . 2 9 . . 1 1 . 2 . . . . 1 . . 1 . . 1 . 2 . . Power 2 | . . . . . . . . . . . . . . . . . 1 . . . . . . . . . . . . . . . . . . 1 . . Propulsion 5 | . . . . . . . . . . . . . . . . . 3 . . 1 . . 1 . . . . . . . . . . . . . . . Utility 13 | . . . 1 . . . . . . . . . . . . 2 5 . . . 1 . 1 . . . . 1 . . . . . 1 . 1 . . Weapon 3 | . . . . 1 . . . . . . . . 1 . . . . . . . . . . . . . . . . . 1 . . . . . . . Highest Loss Streak 5 | . . . 1 1 . . . . . . . . 1 . . 2 5 . . 1 1 . 2 . . . . 1 . . 1 . . 1 . 2 . . To Critical Strikes . | . . . . . . . . . . . . . . . . . . . . . . . . . . . . . . . . . . . . . . . Average Slot Usage (%) 88 | . 85 85 98 99 99 100 100 91 92 91 91 92 91 92 93 86 86 93 88 88 86 87 84 78 82 83 84 82 75 76 87 91 85 84 83 53 60 63 Core 1 | . . . 9 11 9 . . . . . . . . . . . . . . . . . . . . . . . . . . . . . . . . . Reactor 5 | . . . . . 1 11 9 7 7 7 7 7 6 6 6 6 5 6 5 5 5 5 5 5 5 5 5 5 4 . 8 9 8 8 7 2 5 7 Treads 15 | . 20 14 32 33 27 33 36 15 15 15 15 15 13 13 13 13 14 13 11 11 11 11 7 5 9 9 10 9 4 . . . . . . 2 1 . Leg 3 | . . . . . . . . . . . . . . . . . 3 13 11 11 10 11 11 10 10 10 10 10 8 . 1 1 . . . 7 7 7 Wheel 2 | . 7 14 . . 5 . . 7 7 7 7 7 6 6 6 6 3 . . . . . . . . . . . . . . . . . . . . . Hover 3 | . . . . . . . . . . . . . . . . . . . . . . . . . . . . . 3 26 23 24 25 26 24 . . . Device 10 | . . . . 9 8 11 5 6 6 6 7 5 5 5 6 4 12 12 16 16 16 11 10 15 18 14 11 14 19 20 26 27 25 24 24 9 12 12 Storage 8 | . 14 14 11 11 11 11 9 7 7 7 7 7 6 6 6 6 7 13 11 11 10 11 11 10 10 10 10 10 8 10 9 9 8 8 7 7 1 . Processor 6 | . . . . . . . 9 14 15 15 15 15 19 13 13 9 3 6 5 5 5 6 11 10 10 10 10 9 5 5 4 4 4 4 3 . 11 15 Hackware 3 | . . . . . . . 5 7 7 7 7 7 13 13 13 12 2 . 4 5 5 3 . . . . . . . . . . . . . . . . Protection 9 | . . . 20 12 13 11 6 7 7 7 6 8 6 12 13 11 18 13 6 5 5 10 10 10 6 10 13 10 8 5 4 4 4 4 3 . . . Energy Gun 1 | . . . . . . . . . . . . . . . . . . . . . . . . . . . . . . . . . . . 1 19 18 21 Energy Cannon 4 | . . . . . . . . . . . . . 3 . 1 6 6 13 11 11 11 10 10 10 10 10 10 10 6 3 1 6 4 2 3 . . . Ballistic Gun 6 | . 28 28 22 15 15 22 16 7 7 6 7 9 2 5 . . . . . . . . . . . . . . . . . . . . . . . . Slashing Weapon 2 | . . . . . 3 . 1 5 7 6 7 4 5 6 6 6 5 . . . . . . . . . . . . . . . 4 4 3 . 1 . Naked Turns . | . . . . . . . . . . . . . . . . . . . . . . . . . . . . . . . . . . . . . . . Heaviest Build 170 | 12 91 91 103 97 108 109 114 116 116 116 110 119 117 123 120 126 133 133 163 162 162 170 161 162 162 163 163 163 162 101 92 84 103 105 103 37 61 54 Greatest Support 111 | 40 40 16 60 60 60 60 86 28 28 28 28 28 28 28 28 28 88 60 60 60 60 60 60 60 60 60 60 60 94 94 94 110 111 111 111 60 60 60 Greatest Overweight (x) 36 | . 5 5 6 1 8 1 1 4 4 4 3 4 4 4 4 4 36 2 2 2 2 2 2 2 2 2 2 2 3 4 . . 4 1 . . 1 . Average Overweight (x) 1 | . 3 5 1 1 4 1 1 3 3 3 3 3 3 4 4 3 3 2 2 2 2 2 2 2 2 2 2 2 1 1 . . . . . . . . Largest Inventory Capacity 25 | 8 25 25 25 25 25 25 25 25 25 25 25 25 25 25 25 25 25 25 25 25 25 25 25 25 25 25 25 25 25 25 25 15 20 20 20 5 5 5 Average Capacity 23 | 6 20 25 25 25 25 25 25 25 25 25 25 25 25 25 25 25 25 25 25 25 24 25 25 25 25 25 25 25 20 25 13 15 18 20 18 5 5 5 Most Carried 25 | 2 12 13 25 25 25 25 25 25 25 25 25 25 25 25 25 25 25 25 25 25 25 25 25 22 25 25 25 25 25 25 25 15 20 20 20 5 5 5 Average Carried 21 | 1 6 12 22 24 23 25 24 24 24 23 25 24 24 24 25 24 23 24 24 24 23 24 24 22 23 23 25 24 19 23 12 14 17 19 18 3 4 4 Final Capacity 25 | 8 25 25 25 25 25 25 25 25 25 25 25 25 25 25 25 25 25 25 25 25 25 25 25 25 25 25 25 25 25 25 15 15 20 20 5 5 5 5 Final Carried 25 | 2 12 13 25 25 25 25 25 25 25 25 25 25 24 25 25 25 25 25 25 25 24 25 22 22 24 25 25 24 24 25 15 15 20 20 5 3 5 4 Class Distribution -------------------- 50% | Mutant 17% | Golem 15% | Scavenger-Mutant 5% | Alien-Sigix Dominant Class ---------------- Mutant | -10/Materials Mutant | -10/Mines Mutant | -9/Materials Mutant | -9/Mines Mutant | -9/Exiles Mutant | -8/Mines Mutant | -8/Materials Mutant | -7/Factory Mutant | -7/Lower Caves Mutant | -7/Lower Caves Mutant | -7/Data Miner Mutant | -6/Proximity Caves Scavenger-Assassin | -6/Factory Scavenger-Mutant | -6/Lower Caves Scavenger-Mutant | -6/Lower Caves Scavenger-Mutant | -6/Zion Scavenger-Mutant | -6/Deep Caves Golem | -5/Proximity Caves Golem | -5/Factory Golem | -5/Upper Caves Golem | -5/Upper Caves Golem | -5/Warlord Golem | -4/Proximity Caves Golem | -4/Factory Golem | -4/Waste Mutant | -4/Factory Mutant | -4/Upper Caves Mutant | -4/Upper Caves Mutant | -4/Zhirov Mutant | -3/Proximity Caves Mutant | -3/Research Mutant | -3/Quarantine Mutant | -2/Research Mutant | -2/Testing Alien-Mutant | -2/Section 7 Alien-Sigix | -1/Access Alien-Sigix | -1/Command Alien-Sigix | -1/Access_0 Resources | -11 -10 -10 -9 -9 -9 -8 -8 -7 -7 -7 -7 -6 -6 -6 -6 -6 -6 -5 -5 -5 -5 -5 -4 -4 -4 -4 -4 -4 -4 -3 -3 -3 -2 -2 -2 -1 -1 -1 ----------- Run | Jun Mat Min Mat Min Exi Min Mat Fac Low Low Dat Pro Fac Low Low Zio Dee Pro Fac Upp Upp War Pro Fac Was Fac Upp Upp Zhi Pro Res Qua Res Tes Sec Acc Com Ac0 Matter Collected 14525 | 235 176 52 985 628 536 184 1401 452 609 482 . 381 199 304 205 2069 1875 316 138 81 113 188 75 . 80 108 10 40 170 180 . 235 340 224 1003 . 444 7 Remotely 1122 | . . . . . . . . . . . . . . . . . 1122 . . . . . . . . . . . . . . . . . . . . . Salvage Created 16849 | . 386 113 1412 230 408 319 1400 661 . 356 . 268 502 . 78 103 2152 402 594 141 173 442 320 . 228 53 312 38 401 144 . 570 223 470 913 . 3037 . Parts 878 | . 29 11 104 9 33 14 80 50 . 15 . 13 42 . 4 14 37 17 28 7 8 24 19 . 2 2 6 10 7 8 . 25 11 38 51 . 160 . Haulers Intercepted 6 | . 1 . 4 . . . 1 . . . . . . . . . . . . . . . . . . . . . . . . . . . . . . . Recyclers Shooed 4 | . 1 . . . . . . . . . . . 1 . . . . . . . . . . . . 2 . . . . . . . . . . . . Parts Field Recycled . | . . . . . . . . . . . . . . . . . . . . . . . . . . . . . . . . . . . . . . . Retrieved Matter . | . . . . . . . . . . . . . . . . . . . . . . . . . . . . . . . . . . . . . . . Parts Self-Destructed 105 | . . . . . . . . . 4 14 . 14 . 1 3 . . 18 . 7 4 . 19 . . . 16 . 3 2 . . . . . . . . Prevented 7 | . . . . . . . . . . . . . . 2 . . . . . . . . . . . . . . . 5 . . . . . . . . Kills | -11 -10 -10 -9 -9 -9 -8 -8 -7 -7 -7 -7 -6 -6 -6 -6 -6 -6 -5 -5 -5 -5 -5 -4 -4 -4 -4 -4 -4 -4 -3 -3 -3 -2 -2 -2 -1 -1 -1 ------- Run | Jun Mat Min Mat Min Exi Min Mat Fac Low Low Dat Pro Fac Low Low Zio Dee Pro Fac Upp Upp War Pro Fac Was Fac Upp Upp Zhi Pro Res Qua Res Tes Sec Acc Com Ac0 Combat Hostiles Destroyed 217 | . 10 5 26 2 5 7 27 11 . 9 . 3 8 . 3 . 12 7 9 2 5 10 6 . 1 . 1 2 . 3 . 7 1 8 10 . 17 . Melee 8 | . . . . . 1 . . . . . . . . . . . 1 . . . . . . . . . . . . . . . . 5 1 . . . Guns 103 | . 10 5 22 2 . 4 18 7 . 5 . 3 5 . . . 5 . . . . . . . . . . . . . . . . . . . 17 . Cannons 57 | . . . . . . . . . . . . . . . . . 1 7 9 2 5 5 5 . 1 . 1 2 . 2 . 7 1 3 6 . . . AOE 39 | . . . 4 . 4 3 9 4 . 4 . . 3 . 3 . . . . . . 5 . . . . . . . . . . . . . . . . Classes Destroyed 32 | . 4 . 7 . 3 . 1 1 . 2 . . 1 . 1 . 3 . . . 1 2 3 . 1 . . . . . . . . . . . 2 . Worker 14 | . . . 1 . . . 1 4 . . . . 2 . . . . . . . . . . . . . . . . . . 1 . . 2 . 3 . Builder 7 | . . . 1 . . . 1 2 . . . . 2 . . . . . . . . . . . . . . . . . . . . 1 . . . . Tunneler 5 | . . . 1 . . 2 . 1 . . . . 1 . . . . . . . . . . . . . . . . . . . . . . . . . Hauler 6 | . 1 . 4 . . . 1 . . . . . . . . . . . . . . . . . . . . . . . . . . . . . . . Recycler 10 | . 2 . 1 . . . 3 . . . . . 1 . . . . . . . . . . . . . . . . . . 1 1 . . . 1 . Mechanic 1 | . . . . . . . . . . . . . 1 . . . . . . . . . . . . . . . . . . . . . . . . . Operator 6 | . . . 2 . . . . 2 . . . . 1 . . . . . . . . . . . . . . . . . . . . . 1 . . . Drone 4 | . . . . . . . . . . . . . . . . . . . . . . . 2 . . . . . . 2 . . . . . . . . Turret 1 | . . . . . 1 . . . . . . . . . . . . . . . . . . . . . . . . . . . . . . . . . Watcher 11 | . . . 3 . . . 1 . . . . . 1 . . . . . 2 . . . . . . . . . . . . . 1 1 2 . . . Swarmer 58 | . 9 3 7 . . 2 9 5 . 1 . 1 7 . 3 . . . . . 3 . . . . . . . . . . . . 4 . . 4 . Saboteur 2 | . . . . . . . . . . . . . . . . . . . . . . 1 . . . . . . . . . 1 . . . . . . Grunt 61 | . 1 2 12 . . 5 11 4 . 5 . 2 . . . . . 7 2 . 1 5 . . . . . . . . . 3 . . 1 . . . Brawler 2 | . . . 1 . . . . . . 1 . . . . . . . . . . . . . . . . . . . . . . . . . . . . Duelist 2 | . . . . . . . . . . . . . . . . . . . . . . 1 . . . . . . . . . 1 . . . . . . Protector 3 | . . . . . . . . . . 1 . . . . . . . . . . . 2 . . . . . . . . . . . . . . . . Sentry 21 | . . . 6 2 . . 6 1 . 1 . . . . . . . . 1 1 . . . . . . 1 . . 1 . . . . 1 . . . Specialist 2 | . . . . . . . . . . . . . . . . . . . . . . . 2 . . . . . . . . . . . . . . . Hunter 9 | . . . . . . . 1 . . . . . 1 . . . . . . . . . 1 . . . . . . . . 2 . . 2 . 2 . Programmer 22 | . . . . . . . . 1 . . . . . . . . . . 6 1 . 1 . . . . . . . . . . 1 3 6 . 3 . Behemoth 1 | . . . . . . . . . . . . . . . . . . . . . . . 1 . . . . . . . . . . . . . . . Compactor 1 | . . . . . . . . . . . . . . . . . . . . . . . . . 1 . . . . . . . . . . . . . M Guard 2 | . . . . . . . . . . . . . . . . . . . . . . . . . . . . . . . . . . . . . 2 . Enhanced Grunt 1 | . . . . . . . . . . . . 1 . . . . . . . . . . . . . . . . . . . . . . . . . . Combat Programmer 2 | . . . . . . . . . . . . . . . . . . . . . . . . . . . . . . . . . . . . . 2 . Striker 1 | . . . . . . . . . . . . . . . . . . . . . . . . . . . . . . . . . . . . . 1 . Executioner 1 | . . . . . . . . . . . . . . . . . . . . . . . . . . . . . . . . . . . . . 1 . Protovariant Y 1 | . . . . . . . . . . . . . . . . . . . . . . . . . . . . . . . . . . 1 . . . . Zionite 14 | . . . . . 8 . . . . . . . . . . 6 . . . . . . . . . . . . . . . . . . . . . . Z-Light 6 | . . . . . . . . . . . . . . . . . 6 . . . . . . . . . . . . . . . . . . . . . Decomposer 1 | . . . . . . . . . . 1 . . . . . . . . . . . . . . . . . . . . . . . . . . . . Samaritan 1 | . . . . . . . . . . . . . . . 1 . . . . . . . . . . . . . . . . . . . . . . . Tinkerer 3 | . . . . . . . . . . 1 . . . . . 1 . . . . . . . . . . . . . 1 . . . . . . . . Master Thief 3 | . . . . . . . . . . . . . . . . . . . . . 1 . . . . . . 2 . . . . . . . . . . Assembler 2 | . . . . . . . . . . . . . . . . . 2 . . . . . . . . . . . . . . . . . . . . . Assembled 5 | . . . . . 4 . . . . . . . . . . . 1 . . . . . . . . . . . . . . . . . . . . . Golem 5 | . . . . . . . . . . . . . . . . . 5 . . . . . . . . . . . . . . . . . . . . . Surgeon 3 | . . . . . . . . . . . . . . . . . . . . . . . . . . 1 2 . . . . . . . . . . . Best Kill Streak 6 | . 4 3 4 2 4 4 4 4 . 5 . 2 6 . 3 2 5 3 3 1 4 5 1 . 1 . 1 1 . 1 . 5 1 2 4 . 4 . Combat Bots Only 5 | . 4 3 4 2 4 3 4 3 . 5 . 2 4 . 3 . 5 3 2 1 4 5 1 . 1 . 1 1 . 1 . 5 1 2 3 . 4 . Max Kills in Single Turn 5 | . 2 2 4 1 2 4 4 2 . 2 . 1 5 . 4 1 1 1 1 1 1 2 1 . 1 1 1 1 . 1 . 1 1 1 1 . 2 . Gunslinging 1 | . 1 1 . . . . . . . . . . . . . . . . . . . . . . . . . . . . . . . . . . . . Exploded 4 | . . . 4 . 2 3 3 2 . 2 . . 3 . 3 . . . . . . 2 . . . . . . . . . . . . . . . . Melee 1 | . . . . . 1 . . . . . . . . . . . 1 . . . . . . . . . . . . . . . . 1 1 . . . Uniques/NPCs Destroyed 8 | . . . . 1 4 . . . . . . . . . . 1 . . . . . . . . . . . . . . . . . . . . 2 . YI-UF0 (-9/Mines) 8R-AWN (-9/Exiles) EX-DEC (-9/Exiles) EX-HEX (-9/Exiles) EX-BIN (-9/Exiles) Imprinter (-6/Zion) MAIN.C Shell (-1/Command) MAIN.C (-1/Command) Combat | -11 -10 -10 -9 -9 -9 -8 -8 -7 -7 -7 -7 -6 -6 -6 -6 -6 -6 -5 -5 -5 -5 -5 -4 -4 -4 -4 -4 -4 -4 -3 -3 -3 -2 -2 -2 -1 -1 -1 -------- Run | Jun Mat Min Mat Min Exi Min Mat Fac Low Low Dat Pro Fac Low Low Zio Dee Pro Fac Upp Upp War Pro Fac Was Fac Upp Upp Zhi Pro Res Qua Res Tes Sec Acc Com Ac0 Damage Taken 15236 | . 306 98 1064 105 205 333 477 409 . 108 . 18 260 . 16 460 1334 176 596 259 130 748 556 . . 195 55 29 . 65 193 512 345 544 762 437 2285 2156 Core 3085 | . 97 48 184 46 38 57 13 84 . 25 . . . . . . 70 . 64 19 25 129 57 . . 66 . 7 . . 13 56 34 . 267 152 810 724 Absorbed by Shields 2739 | . . . . . . 78 156 . . . . . . . . . . . . . . 232 11 . . . . . . . . . . . . . 1448 814 Redirected to Shielding 13 | . . . . . . . . . . . . . . . . . 13 . . . . . . . . . . . . . . . . . . . . . Regen/Repaired (Parts) 725 | . . . . . . . 11 . . . . . . . . . . . . . . 23 . . 20 15 . . . . . . 218 257 172 . 9 . Core Remaining (%) 72 | 100 . 42 . . . 18 97 . . . . 84 . . . . . 91 . . . . 70 . . . . . . 93 . 85 . . 84 . . 37 Volleys Fired 965 | . 37 7 106 25 75 17 55 40 10 8 . 35 11 . 3 21 48 13 31 14 17 26 21 1 1 8 8 13 . 15 . 56 16 37 45 6 115 24 Largest 3 | . 2 2 2 2 2 2 2 2 1 1 . 2 1 . 1 1 1 2 2 2 2 2 2 1 2 2 2 2 . 1 . 2 1 2 2 3 3 3 Hottest 300 | . 46 46 46 50 45 60 60 60 30 36 . 60 90 . 90 90 90 50 50 50 50 50 50 25 50 50 50 50 . 90 . 115 25 94 200 300 300 300 Shots Fired 1630 | . 74 14 211 49 81 34 105 59 10 21 . 38 21 . 3 21 80 30 57 28 30 46 32 1 2 13 16 26 . 15 . 57 16 40 45 10 295 50 Gun 1035 | . 74 14 210 27 53 34 100 56 10 17 . 38 17 . . . 28 . . . . . . . . . . . . . . . . . 2 10 295 50 Cannon 514 | . . . . . . . . . . . . . 2 . 2 21 52 30 57 28 30 42 32 1 2 13 16 26 . 15 . 57 16 29 43 . . . Launcher 24 | . . . 1 . 4 . 5 3 . 4 . . 2 . 1 . . . . . . 4 . . . . . . . . . . . . . . . . Special 57 | . . . . 22 24 . . . . . . . . . . . . . . . . . . . . . . . . . . . . 11 . . . . Kinetic 678 | . 74 14 210 27 53 34 100 56 10 17 . 38 17 . . . 28 . . . . . . . . . . . . . . . . . . . . . Thermal 495 | . . . . 22 24 . . . . . . . 2 . 2 21 21 30 57 28 30 42 32 1 2 13 16 26 . 8 . 57 16 26 19 . . . Explosive 24 | . . . 1 . 4 . 5 3 . 4 . . 2 . 1 . . . . . . 4 . . . . . . . . . . . . . . . . Electromagnetic 76 | . . . . . . . . . . . . . . . . . 31 . . . . . . . . . . . . 7 . . . 14 24 . . . Slashing 357 | . . . . . . . . . . . . . . . . . . . . . . . . . . . . . . . . . . . 2 10 295 50 Robot Hit Streak 26 | . 6 13 12 13 11 3 15 15 . 12 . 7 11 . . 4 11 6 20 15 3 7 8 . 10 13 5 8 . 2 . 18 4 10 8 . 26 12 Robot Miss Streak 5 | . 5 . 4 1 2 2 4 2 . 1 . 5 2 . . 3 3 2 3 3 3 2 2 . . 4 5 3 . 1 . 2 1 2 3 . 3 2 Penetration Max 1 | . . . . . 1 1 1 1 . . . . . . . . . . . . . . . . . . . . . . . . . . . . 1 1 Secondary Targets 13 | . 1 1 1 1 . 2 2 1 . . . . . . . . . . . . . . . . . . . . . . . . . . . . 4 . Max Gunslinging Chain 1 | . 1 1 1 1 . 1 1 1 . . . . . . . . . . . . . . . . . . . . . . . . . . . . 1 . Capacitor 87 | . . . . . . . . . . . . . . . . . . . . . . . . . . . . . . . . . 16 28 43 . . . Autonomous 51 | . . . . . . . . . . 13 . . 10 . . . 28 . . . . . . . . . . . . . . . . . . . . . Shots Hit Robots 1121 | . 41 11 141 41 67 18 62 44 . 22 . 16 20 . . 14 133 17 39 19 11 30 17 . 2 6 8 10 7 9 . 27 8 29 37 . 189 26 Core Hits 571 | . 19 7 57 7 27 12 45 26 . 24 . 7 20 . 4 7 60 11 14 3 5 46 7 . 1 2 6 2 3 4 . 16 4 13 16 . 81 15 Critical Kills 40 | . 1 . . . 7 3 15 8 . . . 4 1 . . . . . . . . . . . . . . . . . . . . . 1 . . . Critical Parts Destroyed 53 | . . . . . 5 11 16 13 . 1 . 4 3 . . . . . . . . . . . . . . . . . . . . . . . . . Critical Strikes 102 | . 1 . . . 12 14 33 22 . 2 . 9 4 . . . . . . . . . . . . . . . 1 1 . . . . 1 . 1 1 Meltdown 1 | . . . . . . . . . . . . . . . . . . . . . . . . . . . . . . . . . . . 1 . . . Destroy 97 | . 1 . . . 12 14 33 22 . 2 . 9 4 . . . . . . . . . . . . . . . . . . . . . . . . . Corrupt 1 | . . . . . . . . . . . . . . . . . . . . . . . . . . . . . . 1 . . . . . . . . Sever 2 | . . . . . . . . . . . . . . . . . . . . . . . . . . . . . . . . . . . . . 1 1 Impale 1 | . . . . . . . . . . . . . . . . . . . . . . . . . . . . . 1 . . . . . . . . . Melee Attacks 319 | . . . . . 16 . 3 21 16 12 . 7 16 . 1 4 80 . . . . . 2 . . . . . 7 9 11 2 6 46 45 1 14 . Impact . | . . . . . . . . . . . . . . . . . . . . . . . . . . . . . . . . . . . . . . . Slashing 283 | . . . . . 16 . 3 21 16 12 . 7 16 . 1 4 80 . . . . . . . . . . . . . . . 6 46 40 1 14 . Piercing 36 | . . . . . . . . . . . . . . . . . . . . . . . 2 . . . . . 7 9 11 2 . . 5 . . . Sneak Attacks 23 | . . . . . . . . 3 . 5 . . 3 . . 1 1 . . . . . . . . . . . . 3 . . 1 2 2 . 2 . Combat Hostiles 2 | . . . . . . . . . . . . . . . . . . . . . . . . . . . . . . . . . . 2 . . . . Follow-up Attacks . | . . . . . . . . . . . . . . . . . . . . . . . . . . . . . . . . . . . . . . . Damage Inflicted 54356 | . 368 177 2373 547 1289 662 1713 1421 . 1515 . 273 1107 . 220 559 8014 766 2118 864 502 3033 714 . 77 326 350 509 413 426 . 1245 548 1338 2262 . 16955 1672 Guns 23719 | . 365 177 2205 341 475 418 1219 822 . 399 . 273 413 . . . 598 . . . . . . . . . . . . . . . . . . . 14348 1666 Cannons 12745 | . . . . . . . . . . . . . . . . 446 1222 766 2108 864 502 1270 683 . 77 298 350 509 . 246 . 1232 338 454 1380 . . . Explosions 4770 | . . . 168 . 343 227 464 283 . 738 . . 336 . 220 47 . . . . . 1763 . . . . . . . . . . . . . . 181 . Melee 12680 | . . . . . 450 . . 316 . 378 . . 358 . . 66 6191 . . . . . 31 . . . . . 413 180 . . 210 799 862 . 2426 . Ramming 139 | . 3 . . 9 . 17 30 . . . . . . . . . 3 . 10 . . . . . . 28 . . . . . 13 . . 20 . . 6 Kinetic 7705 | . 365 177 2205 341 475 418 1219 822 . 399 . 273 413 . . . 598 . . . . . . . . . . . . . . . . . . . . . Thermal 11469 | . . . . 197 21 227 . . . . . . . . . 493 639 766 2108 864 502 1270 683 . 77 298 350 509 . 38 . 1232 338 182 675 . . . Explosive 4496 | . . . 168 . 343 . 464 283 . 738 . . 336 . 220 . . . . . . 1763 . . . . . . . . . . . . . . 181 . Electromagnetic 1853 | . . . . . . . . . . . . . . . . . 583 . . . . . . . . . . . . 208 . . . 357 705 . . . Impact . | . . . . . . . . . . . . . . . . . . . . . . . . . . . . . . . . . . . . . . . Slashing 28070 | . . . . . 450 . . 316 . 378 . . 358 . . 66 6191 . . . . . . . . . . . . . . . 210 799 862 . 16774 1666 Piercing 624 | . . . . . . . . . . . . . . . . . . . . . . . 31 . . . . . 413 180 . . . . . . . . Highest Corruption 9 | . . . . . . . . . . . . . . . . 5 5 5 2 3 3 3 . . . . . . . . . . 2 5 5 3 9 1 Average Corruption 4 | . . . . . . . . . . . . . . . . 5 5 5 1 2 3 3 . . . . . . . . . . 1 4 3 3 5 1 Corruption Purged 9 | . . . . . . . . . . . . . . . . . . . . . . . . . . . . . . . . . . . . . 9 . Corruption Blocked 57 | . . . . . . . . . . . . . . . . . . . . . . 8 . . . . . . . . . . 49 . . . . . Effects 215 | . . . . . . . . . . . . . . . . 3 70 23 5 12 22 3 . . . . . . . . . . 4 22 11 1 36 3 Message Errors 42 | . . . . . . . . . . . . . . . . . 17 4 2 5 2 1 . . . . . . . . . . 1 2 1 . 7 . Matter Fused 63 | . . . . . . . . . . . . . . . . 1 22 5 1 3 5 2 . . . . . . . . . . 1 8 6 . 9 . Heat Flow Errors 28 | . . . . . . . . . . . . . . . . . 6 1 . 2 7 . . . . . . . . . . . 2 3 . . 6 1 Energy Discharges 26 | . . . . . . . . . . . . . . . . . 13 4 . . 2 . . . . . . . . . . . . 2 . . 4 1 Parts Rejected 2 | . . . . . . . . . . . . . . . . . 1 . . . . . . . . . . . . . . . . . . . 1 . Parts Fused 2 | . . . . . . . . . . . . . . . . . . . . . . . . . . . . . . . . . . . 1 . 1 . Data Loss (minor) 23 | . . . . . . . . . . . . . . . . 2 5 3 1 2 2 . . . . . . . . . . . . 3 . 1 3 1 Data Loss (major) 7 | . . . . . . . . . . . . . . . . . 2 . . . 1 . . . . . . . . . . . . 1 2 . 1 . Misfires 11 | . . . . . . . . . . . . . . . . . 4 4 . . 1 . . . . . . . . . . . . 2 . . . . Alerts 6 | . . . . . . . . . . . . . . . . . . 2 1 . 2 . . . . . . . . . . . . 1 . . . . Weapon Failures 5 | . . . . . . . . . . . . . . . . . . . . . . . . . . . . . . . . . . . 1 . 4 . Overload Shots . | . . . . . . . . . . . . . . . . . . . . . . . . . . . . . . . . . . . . . . . Overflow Damage 3268 | . . . . 12 3 . 6 106 . 127 . . 60 . . 16 1471 15 148 64 44 8 16 . . 21 67 49 134 69 . 65 182 80 160 . 345 . Projectiles 645 | . . . . 12 . . . . . . . . . . . . 65 15 148 64 44 2 16 . . 21 67 49 . 32 . 65 2 16 27 . . . Explosions 70 | . . . . . 3 . 6 . . 10 . . . . . . . . . . . 6 . . . . . . . . . . . . . . 45 . Melee 2553 | . . . . . . . . 106 . 117 . . 60 . . 16 1406 . . . . . . . . . . . 134 37 . . 180 64 133 . 300 . Knockbacks . | . . . . . . . . . . . . . . . . . . . . . . . . . . . . . . . . . . . . . . . Impact . | . . . . . . . . . . . . . . . . . . . . . . . . . . . . . . . . . . . . . . . Kinetic . | . . . . . . . . . . . . . . . . . . . . . . . . . . . . . . . . . . . . . . . Secondary . | . . . . . . . . . . . . . . . . . . . . . . . . . . . . . . . . . . . . . . . Self-Inflicted Damage 208 | . . . . . . . 65 24 . . . . 43 . . 56 1 . . . . 13 . . . . . . . . . 6 . . . . . . Shots 6 | . . . . . . . 2 1 . . . . 1 . . 1 . . . . . 1 . . . . . . . . . . . . . . . . Rammed 10 | . 2 . . 2 . 1 3 . . . . . . . . . 1 . . . . . . . . . . . . . . 1 . . . . . . Targets Rammed 19 | . 2 . . 2 . 1 4 . . . . . . . . . 1 . 1 . . . . . . 4 . . . . . 1 . . 1 . . 2 Kicked 8 | . . . . . . . . . . . . . . . . . . . 1 . . . . . . 4 . . . . . . . . 1 . . 2 Crushed 1 | . . . . . . . 1 . . . . . . . . . . . . . . . . . . . . . . . . . . . . . . . Highest Temperature 356 | . 12 4 270 49 48 84 16 3 . 1 . . 26 . 64 138 237 142 21 225 251 . . . . . . . 12 18 10 27 227 163 250 148 356 233 Average Temperature 51 | . 7 4 46 20 24 58 3 3 . 1 . . 19 . 33 51 76 39 14 120 85 . . . . . . . 7 6 6 20 47 49 36 81 85 136 Received Heat Transfer 2528 | . 18 45 528 27 . 151 161 93 . 27 . . . . . 27 367 81 126 54 9 124 34 . . . 9 . . 9 120 54 36 . 9 . 76 343 Effects 1 | . . . . . . . . . . . . . . . . . . . . . 1 . . . . . . . . . . . . . . . . . Interference 1 | . . . . . . . . . . . . . . . . . . . . . 1 . . . . . . . . . . . . . . . . . Siege Activations . | . . . . . . . . . . . . . . . . . . . . . . . . . . . . . . . . . . . . . . . Robots Corrupted 8 | . . . . . . . . . . . . . . . . . 5 . . . . . . . . . . . . 1 . . . . 2 . . . Combat Hostiles 8 | . . . . . . . . . . . . . . . . . 5 . . . . . . . . . . . . 1 . . . . 2 . . . Parts Fried 11 | . . . . . . . . . . . . . . . . . . . . . . . . . . . . . . 1 . . . 4 6 . . . Impact Corruptions . | . . . . . . . . . . . . . . . . . . . . . . . . . . . . . . . . . . . . . . . Robots Melted 1 | . . . . . . . . . . . . . . . . . . . . . . . . . . . . . . . . . . . 1 . . . Combat Hostiles 1 | . . . . . . . . . . . . . . . . . . . . . . . . . . . . . . . . . . . 1 . . . Parts Melted 12 | . . . . . . 1 . . . . . . . . . . . . 1 . . . 1 . . . . . . . . . 1 . 8 . . . Heat Transferred 6787 | . . . . 666 189 300 . . . . . . . . . 50 . 425 1000 450 300 606 375 . 50 175 225 275 . . . 575 200 445 481 . . . Parts Sabotaged . | . . . . . . . . . . . . . . . . . . . . . . . . . . . . . . . . . . . . . . . Parts Stolen 10 | . . . . . . . . . . 1 . . . . . . . . . 1 3 . . . . . . 5 . . . . . . . . . . Parts Stripped . | . . . . . . . . . . . . . . . . . . . . . . . . . . . . . . . . . . . . . . . Power Chain Reactions 1 | . . . . . . . . . . . . . . . . 1 . . . . . . . . . . . . . . . . . . . . . . Missiles Intercepted . | . . . . . . . . . . . . . . . . . . . . . . . . . . . . . . . . . . . . . . . Alert | -11 -10 -10 -9 -9 -9 -8 -8 -7 -7 -7 -7 -6 -6 -6 -6 -6 -6 -5 -5 -5 -5 -5 -4 -4 -4 -4 -4 -4 -4 -3 -3 -3 -2 -2 -2 -1 -1 -1 ------- Run | Jun Mat Min Mat Min Exi Min Mat Fac Low Low Dat Pro Fac Low Low Zio Dee Pro Fac Upp Upp War Pro Fac Was Fac Upp Upp Zhi Pro Res Qua Res Tes Sec Acc Com Ac0 Peak Influence 1615 | . 251 171 409 134 . 419 580 330 . . . . 146 . . . . . 173 . . . . 302 105 652 . . . . 1022 791 688 628 1615 1128 838 . Initial 1100 | . . 49 . 134 . . 163 155 . . . . 14 . . . . . . . . . . 300 105 . . . . . 900 490 261 356 268 1100 721 . Average 264 | . 130 84 224 53 . 173 299 182 . . . . 29 . . . . . 66 . . . . 300 60 257 . . . . 952 565 509 469 326 1109 674 . Maximum Alert Level 5 | . 1 . 2 . . 2 2 1 . . . . . . . . . . . . . . . 1 . 2 . . . . 3 3 2 2 5 4 4 . Low Security (%) 44 | 100 72 100 38 100 . 73 15 57 . . . . 100 . . . . . 100 . . . . . 100 37 . . . . . . . . 33 . . . Level 1 31 | . 27 . 61 . . 22 77 42 . . . . . . . . . . . . . . . 100 . 40 . . . . . . 23 16 44 . . . Level 2 16 | . . . . . . 3 6 . . . . . . . . . . . . . . . . . . 21 . . . . . 93 76 83 18 . 31 . Level 3 3 | . . . . . . . . . . . . . . . . . . . . . . . . . . . . . . . 100 6 . . . . 29 . Level 4 3 | . . . . . . . . . . . . . . . . . . . . . . . . . . . . . . . . . . . . 100 38 . Level 5 . | . . . . . . . . . . . . . . . . . . . . . . . . . . . . . . . . . . . . . . . High Security . | . . . . . . . . . . . . . . . . . . . . . . . . . . . . . . . . . . . . . . . Max Security . | . . . . . . . . . . . . . . . . . . . . . . . . . . . . . . . . . . . 3 . . . Squads Dispatched 41 | . 1 . 4 . . . 3 4 . 1 . . 1 . . . . . 4 . . . . . . 3 . . . . 1 2 . 4 10 . 3 . Investigation 4 | . 1 . . . . . 2 . . . . . . . . . . . 1 . . . . . . . . . . . . . . . . . . . Extermination 11 | . . . . . . . . . . . . . . . . . . . 3 . . . . . . 2 . . . . 1 . . 1 3 . 1 . Reinforcement 13 | . . . 4 . . . 1 . . . . . 1 . . . . . . . . . . . . 1 . . . . . 1 . 3 1 . 1 . Assault 9 | . . . . . . . . . . 1 . . . . . . . . . . . . . . . . . . . . . 1 . . 6 . 1 . Garrison 4 | . . . . . . . . 4 . . . . . . . . . . . . . . . . . . . . . . . . . . . . . . Intercept . | . . . . . . . . . . . . . . . . . . . . . . . . . . . . . . . . . . . . . . . Searches Triggered 3 | . . . . . . . . . . . . . . . . . . . . . . . . . . . . . . . 1 2 . . . . . . Data Miner Redirects 1 | . . . . . . . . . . . . . . . . . . . . . . . . . . . . . . . . . . . . . 1 . Construction Impeded . | . . . . . . . . . . . . . . . . . . . . . . . . . . . . . . . . . . . . . . . Haulers Reinforced 1 | . . . . . . . . . . . . . . . . . . . . . . . . . . . . . . . . . . 1 . . . . Active Scanning Responses . | . . . . . . . . . . . . . . . . . . . . . . . . . . . . . . . . . . . . . . . Cargo Convoy Interrupts 1 | . . . . . . . . . . . . . . . . . . . 1 . . . . . . . . . . . . . . . . . . . Stealth | -11 -10 -10 -9 -9 -9 -8 -8 -7 -7 -7 -7 -6 -6 -6 -6 -6 -6 -5 -5 -5 -5 -5 -4 -4 -4 -4 -4 -4 -4 -3 -3 -3 -2 -2 -2 -1 -1 -1 --------- Run | Jun Mat Min Mat Min Exi Min Mat Fac Low Low Dat Pro Fac Low Low Zio Dee Pro Fac Upp Upp War Pro Fac Was Fac Upp Upp Zhi Pro Res Qua Res Tes Sec Acc Com Ac0 Distress Signals 63 | . 3 . 5 . . . 3 2 . . . . . . . . . . . . . 6 . . . 2 . . . . . 1 8 . 1 1 31 . Communications Jammed 108 | . . . . . . . . 1 . . . . . . . . . . . . 1 . . . . 77 . 1 . . . 3 . . 25 . . . Distress Signals 106 | . . . . . . . . . . . . . . . . . . . . . 1 . . . . 76 . 1 . . . 3 . . 25 . . . Times Spotted 546 | . 20 6 42 5 19 11 42 15 . 13 . 5 14 . 3 28 19 8 14 5 12 65 7 . 1 17 3 5 . 4 7 19 25 14 26 . 26 46 Peak Tracking Total 33 | . 5 2 6 3 9 3 4 4 . 5 . 3 5 . 3 3 5 3 4 1 4 17 2 . 1 5 2 5 . 2 5 6 11 4 16 . 14 33 Tactical Retreats 49 | . 1 . 4 . 5 5 2 2 . . . . 1 . . . . . 1 . 3 1 . . . . . . . . 2 2 6 1 2 . 3 8 Traps | -11 -10 -10 -9 -9 -9 -8 -8 -7 -7 -7 -7 -6 -6 -6 -6 -6 -6 -5 -5 -5 -5 -5 -4 -4 -4 -4 -4 -4 -4 -3 -3 -3 -2 -2 -2 -1 -1 -1 ------- Run | Jun Mat Min Mat Min Exi Min Mat Fac Low Low Dat Pro Fac Low Low Zio Dee Pro Fac Upp Upp War Pro Fac Was Fac Upp Upp Zhi Pro Res Qua Res Tes Sec Acc Com Ac0 Traps Triggered 9 | . 1 . . . . . . . . . . . 1 . . . . . . . . . . 1 . 2 . . . . 1 . . 1 . . 2 . Indirectly . | . . . . . . . . . . . . . . . . . . . . . . . . . . . . . . . . . . . . . . . Trap Hack Attempts . | . . . . . . . . . . . . . . . . . . . . . . . . . . . . . . . . . . . . . . . Triggered . | . . . . . . . . . . . . . . . . . . . . . . . . . . . . . . . . . . . . . . . Disarmed . | . . . . . . . . . . . . . . . . . . . . . . . . . . . . . . . . . . . . . . . Reprogrammed . | . . . . . . . . . . . . . . . . . . . . . . . . . . . . . . . . . . . . . . . Reused . | . . . . . . . . . . . . . . . . . . . . . . . . . . . . . . . . . . . . . . . Traps Extracted . | . . . . . . . . . . . . . . . . . . . . . . . . . . . . . . . . . . . . . . . Installed . | . . . . . . . . . . . . . . . . . . . . . . . . . . . . . . . . . . . . . . . Triggered 32 | . . . . . . . . . . . . . . 1 . . . 3 2 . . 26 . . . . . . . . . . . . . . . . Exploded 3 | . . . . . 3 . . . . . . . . . . . . . . . . . . . . . . . . . . . . . . . . . Machines | -11 -10 -10 -9 -9 -9 -8 -8 -7 -7 -7 -7 -6 -6 -6 -6 -6 -6 -5 -5 -5 -5 -5 -4 -4 -4 -4 -4 -4 -4 -3 -3 -3 -2 -2 -2 -1 -1 -1 ---------- Run | Jun Mat Min Mat Min Exi Min Mat Fac Low Low Dat Pro Fac Low Low Zio Dee Pro Fac Upp Upp War Pro Fac Was Fac Upp Upp Zhi Pro Res Qua Res Tes Sec Acc Com Ac0 Machines Disabled 67 | . . . . . 10 7 4 . . . . . 1 . . . 1 . 2 . 1 2 . . . 1 . . . . . 4 2 5 11 1 9 6 Max in Single Turn 7 | . . . . . 2 7 1 . . . . . 1 . . . 1 . 1 . 1 1 . . . . . . . . . 1 1 1 1 1 2 1 Garrison Access 5 | . . . . . . . . 1 . . . . 1 . . . . . . . . . . . . . . . . . . 1 2 . . . . . Phase Generator 1 | . . . . . . . . . . . . . . . . . . . . . . . . . . . . . . . . . . . . . 1 . Machines Repaired . | . . . . . . . . . . . . . . . . . . . . . . . . . . . . . . . . . . . . . . . Machines Sabotaged . | . . . . . . . . . . . . . . . . . . . . . . . . . . . . . . . . . . . . . . . Overloaded Fab Kills . | . . . . . . . . . . . . . . . . . . . . . . . . . . . . . . . . . . . . . . . Hacking | -11 -10 -10 -9 -9 -9 -8 -8 -7 -7 -7 -7 -6 -6 -6 -6 -6 -6 -5 -5 -5 -5 -5 -4 -4 -4 -4 -4 -4 -4 -3 -3 -3 -2 -2 -2 -1 -1 -1 --------- Run | Jun Mat Min Mat Min Exi Min Mat Fac Low Low Dat Pro Fac Low Low Zio Dee Pro Fac Upp Upp War Pro Fac Was Fac Upp Upp Zhi Pro Res Qua Res Tes Sec Acc Com Ac0 Machines Accessed 60 | . 4 . 2 1 2 . 10 6 . 1 3 . 5 . . 1 . . 1 . 1 2 . . . 3 . . 3 . 2 6 . 2 4 . 1 . Terminals 31 | . 4 . 1 . . . 6 3 . . . . 3 . . . . . . . 1 . . . . 1 . . . . 2 4 . 1 4 . 1 . Fabricators 4 | . . . . . . . . 1 . . . . . . . . . . 1 . . . . . . 2 . . . . . . . . . . . . Repair Stations 4 | . . . . . . . 2 1 . . . . 1 . . . . . . . . . . . . . . . . . . . . . . . . . Recycling Units . | . . . . . . . . . . . . . . . . . . . . . . . . . . . . . . . . . . . . . . . Scanalyzers 5 | . . . 1 . . . 2 . . . . . . . . . . . . . . . . . . . . . . . . 1 . 1 . . . . Garrison Access 3 | . . . . . . . . 1 . . . . 1 . . . . . . . . . . . . . . . . . . 1 . . . . . . Total Hacks 162 | . 16 . 5 1 2 . 32 10 . 1 24 . 13 . . 3 . . 3 . 1 6 . . . 7 . . 13 . 3 10 . 3 8 . 1 . Successful 97 | . 4 . 3 1 2 . 14 3 . 1 24 . 5 . . 3 . . 3 . 1 6 . . . 3 . . 13 . 1 3 . . 6 . 1 . Failed 64 | . 11 . 2 . . . 18 7 . . . . 8 . . . . . . . . . . . . 4 . . . . 2 7 . 3 2 . . . Catastrophic 17 | . 1 . . . . . 5 1 . . . . . . . . . . . . . . . . . 1 . . . . 2 5 . 1 1 . . . Database Lockouts 1 | . 1 . . . . . . . . . . . . . . . . . . . . . . . . . . . . . . . . . . . . . Manual 55 | . 16 . 1 . 1 . 15 3 . . . . 3 . . 4 . . 1 . . 1 . . . 2 . . . . . 4 . 2 2 . . . Terminals 69 | . 16 . 1 . . . 17 5 . . . . 7 . . . . . . . 1 . . . . 2 . . . . 3 7 . 1 8 . 1 . Fabricators 10 | . . . . . . . . 2 . . . . . . . . . . 3 . . . . . . 5 . . . . . . . . . . . . Repair Stations 13 | . . . . . . . 6 2 . . . . 5 . . . . . . . . . . . . . . . . . . . . . . . . . Recycling Units . | . . . . . . . . . . . . . . . . . . . . . . . . . . . . . . . . . . . . . . . Scanalyzers 17 | . . . 4 . . . 9 . . . . . . . . . . . . . . . . . . . . . . . . 2 . 2 . . . . Garrison Access 3 | . . . . . . . . 1 . . . . 1 . . . . . . . . . . . . . . . . . . 1 . . . . . . Terminal Hacks 72 | . 3 . 1 1 2 . 4 2 . 1 24 . 3 . . 3 . . . . 1 6 . . . 1 . . 13 . 1 . . . 5 . 1 . Record 13 | . . . . . 1 . . . . . 6 . . . . . . . . . 1 . . . . . . . 5 . . . . . . . . . Part Schematic 12 | . . . . . . . . . . . 9 . . . . 3 . . . . . . . . . . . . . . . . . . . . . . Robot Schematic 6 | . . . . . . . . . . . 6 . . . . . . . . . . . . . . . . . . . . . . . . . . . Robot Analysis 7 | . 2 . . . . . 1 . . . . . . . . . . . . . . . . . . . . . 4 . . . . . . . . . Prototype ID Bank 12 | . . . . . . . . . . . 3 . . . . . . . . . . 5 . . . . . . 4 . . . . . . . . . Open Door 6 | . . . . 1 . . . . . 1 . . . . . . . . . . . 1 . . . . . . . . . . . . 2 . 1 . Branch Access Points 3 | . . . . . . . . 1 . . . . 1 . . . . . . . . . . . . 1 . . . . . . . . . . . . Terminal Index 1 | . . . . . . . . . . . . . . . . . . . . . . . . . . . . . . . . . . . 1 . . . Scanalyzer Index 1 | . . . . . . . 1 . . . . . . . . . . . . . . . . . . . . . . . . . . . . . . . Unreport Threat 4 | . . . . . . . 1 . . . . . 1 . . . . . . . . . . . . . . . . . . . . . 2 . . . Locate Traps 1 | . . . . . . . . . . . . . . . . . . . . . . . . . . . . . . . 1 . . . . . . . Hauler Manifests 2 | . 1 . . . . . . 1 . . . . . . . . . . . . . . . . . . . . . . . . . . . . . . Zone Layout 3 | . . . 1 . . . 1 . . . . . 1 . . . . . . . . . . . . . . . . . . . . . . . . . EX-Prototype ID Bank 1 | . . . . . 1 . . . . . . . . . . . . . . . . . . . . . . . . . . . . . . . . . Fabricator Hacks 4 | . . . . . . . . . . . . . . . . . . . 2 . . . . . . 2 . . . . . . . . . . . . Network Status 1 | . . . . . . . . . . . . . . . . . . . 1 . . . . . . . . . . . . . . . . . . . Load Schematic 2 | . . . . . . . . . . . . . . . . . . . 1 . . . . . . 1 . . . . . . . . . . . . Build 1 | . . . . . . . . . . . . . . . . . . . . . . . . . . 1 . . . . . . . . . . . . Repair Station Hacks 4 | . . . . . . . 3 . . . . . 1 . . . . . . . . . . . . . . . . . . . . . . . . . Scan Component 3 | . . . . . . . 2 . . . . . 1 . . . . . . . . . . . . . . . . . . . . . . . . . Repair 1 | . . . . . . . 1 . . . . . . . . . . . . . . . . . . . . . . . . . . . . . . . Recycling Unit Hacks . | . . . . . . . . . . . . . . . . . . . . . . . . . . . . . . . . . . . . . . . Scanalyzer 11 | . . . 2 . . . 7 . . . . . . . . . . . . . . . . . . . . . . . . 2 . . . . . . Insert Component 5 | . . . 1 . . . 2 . . . . . . . . . . . . . . . . . . . . . . . . 2 . . . . . . Analyze 6 | . . . 1 . . . 5 . . . . . . . . . . . . . . . . . . . . . . . . . . . . . . . Garrison Access Hacks 2 | . . . . . . . . 1 . . . . 1 . . . . . . . . . . . . . . . . . . . . . . . . . Seal Access 2 | . . . . . . . . 1 . . . . 1 . . . . . . . . . . . . . . . . . . . . . . . . . Unauthorized Hacks 4 | . 1 . . . . . . . . . . . . . . . . . 1 . . . . . . . . . . . . 1 . . 1 . . . Terminals 3 | . 1 . . . . . . . . . . . . . . . . . . . . . . . . . . . . . . 1 . . 1 . . . Track 1 | . . . . . . . . . . . . . . . . . . . . . . . . . . . . . . . . . . . 1 . . . Botnet 1 | . . . . . . . . . . . . . . . . . . . . . . . . . . . . . . . . 1 . . . . . . Operators 1 | . 1 . . . . . . . . . . . . . . . . . . . . . . . . . . . . . . . . . . . . . Fabricators 1 | . . . . . . . . . . . . . . . . . . . 1 . . . . . . . . . . . . . . . . . . . Recompile 1 | . . . . . . . . . . . . . . . . . . . 1 . . . . . . . . . . . . . . . . . . . Repair Stations . | . . . . . . . . . . . . . . . . . . . . . . . . . . . . . . . . . . . . . . . Recycling Units . | . . . . . . . . . . . . . . . . . . . . . . . . . . . . . . . . . . . . . . . Scanalyzers . | . . . . . . . . . . . . . . . . . . . . . . . . . . . . . . . . . . . . . . . Garrison Access . | . . . . . . . . . . . . . . . . . . . . . . . . . . . . . . . . . . . . . . . Data Cores Recovered 3 | . . . . . . . . 2 . . . . 1 . . . . . . . . . . . . . . . . . . . . . . . . . Used 2 | . . . . . . . . 1 . . . . 1 . . . . . . . . . . . . . . . . . . . . . . . . . Hacking Detections 40 | . 4 . 2 . . . 9 5 . . . . 4 . . . . . . . . . . . . 3 . . . . 2 5 . 2 3 . 1 . Full Trace Events 3 | . . . 1 . . . 2 . . . . . . . . . . . . . . . . . . . . . . . . . . . . . . . Feedback Events . | . . . . . . . . . . . . . . . . . . . . . . . . . . . . . . . . . . . . . . . Feedback Blocked . | . . . . . . . . . . . . . . . . . . . . . . . . . . . . . . . . . . . . . . . Robot Schematics Acquired 10 | . . . . . . . . . . . 6 . . . . 4 . . . . . . . . . . . . . . . . . . . . . . Robots Built . | . . . . . . . . . . . . . . . . . . . . . . . . . . . . . . . . . . . . . . . Authchips . | . . . . . . . . . . . . . . . . . . . . . . . . . . . . . . . . . . . . . . . Time . | . . . . . . . . . . . . . . . . . . . . . . . . . . . . . . . . . . . . . . . Total Robot Build Rating . | . . . . . . . . . . . . . . . . . . . . . . . . . . . . . . . . . . . . . . . Part Schematics Acquired 27 | . . . . . . . 1 . . . 9 . . . . 17 . . . . . . . . . . . . . . . . . . . . . . Parts Built 2 | . . . . . . . . . . . . . . . . . . . . . . . . . . 2 . . . . . . . . . . . . Authchips 1 | . . . . . . . . . . . . . . . . . . . . . . . . . . 1 . . . . . . . . . . . . Time 64 | . . . . . . . . . . . . . . . . . . . . . . . . . . 64 . . . . . . . . . . . . Total Part Build Rating 16 | . . . . . . . . . . . . . . . . . . . . . . . . . . 16 . . . . . . . . . . . . Parts Repaired 1 | . . . . . . . 1 . . . . . . . . . . . . . . . . . . . . . . . . . . . . . . . Time 54 | . . . . . . . 54 . . . . . . . . . . . . . . . . . . . . . . . . . . . . . . . Parts Recycled . | . . . . . . . . . . . . . . . . . . . . . . . . . . . . . . . . . . . . . . . Recycled Matter . | . . . . . . . . . . . . . . . . . . . . . . . . . . . . . . . . . . . . . . . Retrieved Matter . | . . . . . . . . . . . . . . . . . . . . . . . . . . . . . . . . . . . . . . . Retrieved Components . | . . . . . . . . . . . . . . . . . . . . . . . . . . . . . . . . . . . . . . . Parts Scanalyzed 2 | . . . 1 . . . 1 . . . . . . . . . . . . . . . . . . . . . . . . . . . . . . . Part Schematics Acquired 1 | . . . . . . . 1 . . . . . . . . . . . . . . . . . . . . . . . . . . . . . . . Parts Damaged 1 | . . . . . . . 1 . . . . . . . . . . . . . . . . . . . . . . . . . . . . . . . Bothacking | -11 -10 -10 -9 -9 -9 -8 -8 -7 -7 -7 -7 -6 -6 -6 -6 -6 -6 -5 -5 -5 -5 -5 -4 -4 -4 -4 -4 -4 -4 -3 -3 -3 -2 -2 -2 -1 -1 -1 ------------ Run | Jun Mat Min Mat Min Exi Min Mat Fac Low Low Dat Pro Fac Low Low Zio Dee Pro Fac Upp Upp War Pro Fac Was Fac Upp Upp Zhi Pro Res Qua Res Tes Sec Acc Com Ac0 Used RIF Installer . | . . . . . . . . . . . . . . . . . . . . . . . . . . . . . . . . . . . . . . . Robots Hacked . | . . . . . . . . . . . . . . . . . . . . . . . . . . . . . . . . . . . . . . . Non-combat . | . . . . . . . . . . . . . . . . . . . . . . . . . . . . . . . . . . . . . . . Combat . | . . . . . . . . . . . . . . . . . . . . . . . . . . . . . . . . . . . . . . . Robot Hacks Applied . | . . . . . . . . . . . . . . . . . . . . . . . . . . . . . . . . . . . . . . . Relay Couplers Released 4 | . . . . . . . . . . . . . . . . . . . . . . . . . . . . . . . . 1 3 . . . . . Machine Destruction 4 | . . . . . . . . . . . . . . . . . . . . . . . . . . . . . . . . 1 3 . . . . . Fabnet Peak Effective % . | . . . . . . . . . . . . . . . . . . . . . . . . . . . . . . . . . . . . . . . Robots Rewired 6 | . . . . . . . . . . 1 . . . . . . . . . . . 5 . . . . . . . . . . . . . . . . Allies Hacked 3 | . . . . . . . . . . . . . . . . . . . . . . . . . . 2 1 . . . . . . . . . . . Hacks Repelled . | . . . . . . . . . . . . . . . . . . . . . . . . . . . . . . . . . . . . . . . Allies | -11 -10 -10 -9 -9 -9 -8 -8 -7 -7 -7 -7 -6 -6 -6 -6 -6 -6 -5 -5 -5 -5 -5 -4 -4 -4 -4 -4 -4 -4 -3 -3 -3 -2 -2 -2 -1 -1 -1 -------- Run | Jun Mat Min Mat Min Exi Min Mat Fac Low Low Dat Pro Fac Low Low Zio Dee Pro Fac Upp Upp War Pro Fac Was Fac Upp Upp Zhi Pro Res Qua Res Tes Sec Acc Com Ac0 Total Allies 74 | . . 3 . . . . . . . 1 . 1 . . . 1 . . . . . 5 . . 20 . . . . . . . . . . 8 35 . Largest Group 20 | . . 3 2 . . . . . . 1 1 1 . . . 1 1 . . . . 5 . . 20 20 6 . . . . . . . . 8 8 . Highest-Rated Group 699 | . . 40 32 . . . . . . 30 30 96 . . . 99 97 . . . . 294 . . 699 699 202 . . . . . . . . 111 114 . Highest-Rated Ally 99 | . . 16 16 . . . . . . 30 30 96 . . . 99 97 . . . . 68 . . 46 46 46 . . . . . . . . 15 15 . Total Orders 7 | . . . . . 5 . . . . . . . . . . . . . . . . 2 . . . . . . . . . . . . . . . . STAY 1 | . . . . . . . . . . . . . . . . . . . . . . 1 . . . . . . . . . . . . . . . . FOLLOW 1 | . . . . . . . . . . . . . . . . . . . . . . 1 . . . . . . . . . . . . . . . . RETURN 5 | . . . . . 5 . . . . . . . . . . . . . . . . . . . . . . . . . . . . . . . . . Ally Attacks 485 | . . 13 22 . 42 . . . . 1 . 17 . . . 42 10 . . . . 66 . . 16 216 15 . . . . . . . . . 25 . Total Damage 12386 | . . 166 238 . 258 . . . . . . 479 . . . 1636 431 . . . . 3949 . . 358 3824 461 . . . . . . . . . 586 . Kills 102 | . . 2 4 . 2 . . . . . . 6 . . . 32 . . . . . 23 . . . 28 5 . . . . . . . . . . . Allies Corrupted . | . . . . . . . . . . . . . . . . . . . . . . . . . . . . . . . . . . . . . . . Allies Melted . | . . . . . . . . . . . . . . . . . . . . . . . . . . . . . . . . . . . . . . . Turrets Deployed 1 | . . . . . . . . . . 1 . . . . . . . . . . . . . . . . . . . . . . . . . . . . Intel | -11 -10 -10 -9 -9 -9 -8 -8 -7 -7 -7 -7 -6 -6 -6 -6 -6 -6 -5 -5 -5 -5 -5 -4 -4 -4 -4 -4 -4 -4 -3 -3 -3 -2 -2 -2 -1 -1 -1 ------- Run | Jun Mat Min Mat Min Exi Min Mat Fac Low Low Dat Pro Fac Low Low Zio Dee Pro Fac Upp Upp War Pro Fac Was Fac Upp Upp Zhi Pro Res Qua Res Tes Sec Acc Com Ac0 Robot Analysis Total 7 | . 2 . . . . . 1 . . . . . . . . . . . . . . . . . . . . . 4 . . . . . . . . . Derelict Logs Recovered 15 | . . 2 . 2 . . . . . 1 . 1 . . 1 1 . 2 . 2 1 . 1 . . . . 1 . . . . . . . . . . Drone Launches 14 | . . . . . 14 . . . . . . . . . . . . . . . . . . . . . . . . . . . . . . . . . Drone Recoveries 12 | . . . . . 12 . . . . . . . . . . . . . . . . . . . . . . . . . . . . . . . . . Exploration | -11 -10 -10 -9 -9 -9 -8 -8 -7 -7 -7 -7 -6 -6 -6 -6 -6 -6 -5 -5 -5 -5 -5 -4 -4 -4 -4 -4 -4 -4 -3 -3 -3 -2 -2 -2 -1 -1 -1 ------------- Run | Jun Mat Min Mat Min Exi Min Mat Fac Low Low Dat Pro Fac Low Low Zio Dee Pro Fac Upp Upp War Pro Fac Was Fac Upp Upp Zhi Pro Res Qua Res Tes Sec Acc Com Ac0 Turns Passed 38903 | 72 753 822 2729 1300 2454 345 2969 969 929 759 123 809 1014 390 476 2053 2943 913 1100 643 1088 1768 938 149 694 810 679 858 631 724 278 527 1134 862 1187 114 1462 435 Spaces Moved 22111 | 40 341 442 969 489 918 116 1153 495 585 476 81 454 589 236 288 1115 1208 390 436 269 347 738 373 71 177 349 311 344 234 391 327 420 1312 846 1248 177 2142 1214 Core 231 | 2 . . . . . . . . . . . . . . . . 7 . . . . . . . . . . . 1 111 . . 110 . . . . . Treads 3384 | 38 121 . 873 489 429 116 1153 . . . . . . . . . 165 . . . . . . . . . . . . . . . . . . . . . Legs 7884 | . . . . . . . . . . . . . . . . . 213 390 436 269 347 738 373 71 177 349 311 344 166 . . . . . 181 171 2136 1212 Wheels 6389 | . 220 442 96 . 489 . . 495 585 476 81 454 589 236 288 1115 823 . . . . . . . . . . . . . . . . . . . . . Hover 4198 | . . . . . . . . . . . . . . . . . . . . . . . . . . . . . 67 280 327 420 1202 846 1056 . . . Flight . | . . . . . . . . . . . . . . . . . . . . . . . . . . . . . . . . . . . . . . . Fastest Speed 30 | 50 160 175 175 240 195 240 228 145 145 145 145 145 145 160 160 145 145 210 210 210 210 210 210 210 210 210 210 210 54 54 54 53 52 52 30 30 30 30 Average Speed 140 | 154 181 175 233 240 219 240 231 147 145 145 145 151 154 160 160 159 196 210 210 210 210 210 210 210 210 210 210 210 163 114 58 54 69 52 50 30 30 30 Slowest Speed 1850 | 160 320 175 240 240 240 240 240 160 160 160 145 160 160 160 160 160 1850 210 210 210 210 210 210 210 210 210 210 210 210 250 64 64 250 126 55 30 90 30 Overloaded Moves . | . . . . . . . . . . . . . . . . . . . . . . . . . . . . . . . . . . . . . . . Propulsion Burnouts . | . . . . . . . . . . . . . . . . . . . . . . . . . . . . . . . . . . . . . . . Robots Hopped . | . . . . . . . . . . . . . . . . . . . . . . . . . . . . . . . . . . . . . . . Cave-ins Triggered 1 | . . . . . . . . . . . . . . . . . . . . . . . . . . . . . . . . . . . . 1 . . Teleports 3 | . . . . . . . . . . . . . . . . . . . . . . . . . . . . . . . . 1 . . . . 1 1 Spacefolds 9 | . . . . . . . . . . . . . . . . . . . . . . . . . . . . . . . . . . . 3 3 2 1 Exploration Rate (%) 53 | 5 61 96 82 82 85 51 79 16 66 49 68 59 18 48 54 84 76 65 11 44 58 74 61 3 81 13 49 59 61 61 5 38 49 80 70 5 53 72 Regions Visited 38 Branch Regions 26 Pre-discovered Areas 9 | . . 1 . 2 1 . . . . . 1 . . . . 1 . . . . . . . . . . . . 3 . . . . . . . . . Known Exits Taken 26 | . . . . . . . 1 1 1 1 1 1 1 1 1 . 1 1 1 1 1 1 1 . . 1 1 1 1 1 1 1 1 1 1 . . . Unknown Exits Taken 10 | 1 1 1 1 1 1 1 . . . . . . . . . 1 . . . . . . . . . . . . . . . . . . . 1 1 . Scrap Searched 27 | . . 1 . 2 . . . . 2 2 . 1 . 3 1 5 . 3 . 1 3 . 1 . . . . 1 . 1 . . . . . . . . Spaces Dug 268 | . . . . . . . 46 19 18 5 . 7 10 . 3 . 1 . 5 4 . 2 10 1 . 1 . 8 . 10 6 11 4 24 11 12 40 10 Terrain Destroyed 890 | . . . 14 . 38 36 84 43 18 31 . 15 40 . 14 . 15 13 14 10 16 46 17 1 . 5 7 15 . 13 6 26 7 32 12 18 229 55 Melee 109 | . . . . . . . 3 16 14 5 . 7 9 . 1 . 1 . . . . . . . . . . . . 6 6 2 4 20 11 . 4 . Projectile 461 | . . . . . 14 6 27 3 2 1 . 4 2 . 2 . 14 13 14 10 16 6 17 1 . 5 7 15 . 7 . 24 3 12 1 18 162 55 AOE 307 | . . . 14 . 24 29 52 20 . 25 . . 29 . 11 . . . . . . 40 . . . . . . . . . . . . . . 63 . Terrain Rammed . | . . . . . . . . . . . . . . . . . . . . . . . . . . . . . . . . . . . . . . . Walls Destroyed . | . . . . . . . . . . . . . . . . . . . . . . . . . . . . . . . . . . . . . . . Machines Disabled . | . . . . . . . . . . . . . . . . . . . . . . . . . . . . . . . . . . . . . . . Actions | -11 -10 -10 -9 -9 -9 -8 -8 -7 -7 -7 -7 -6 -6 -6 -6 -6 -6 -5 -5 -5 -5 -5 -4 -4 -4 -4 -4 -4 -4 -3 -3 -3 -2 -2 -2 -1 -1 -1 --------- Run | Jun Mat Min Mat Min Exi Min Mat Fac Low Low Dat Pro Fac Low Low Zio Dee Pro Fac Upp Upp War Pro Fac Was Fac Upp Upp Zhi Pro Res Qua Res Tes Sec Acc Com Ac0 Total 28068 | 47 406 477 1224 542 1237 146 1340 652 639 525 87 529 662 248 297 1361 1675 456 559 318 677 915 494 72 502 408 321 457 478 636 401 653 1535 1146 1700 225 2763 1258 Wait 3377 | . 12 26 89 7 165 8 71 69 26 9 3 19 16 2 2 202 201 45 70 25 280 57 82 . 293 24 1 85 164 211 28 156 110 142 271 35 367 4 Move 22058 | 39 340 441 968 488 917 115 1152 494 584 475 80 453 588 235 287 1114 1207 389 435 268 346 737 372 71 176 348 310 343 233 390 326 420 1311 845 1240 172 2137 1212 Hop . | . . . . . . . . . . . . . . . . . . . . . . . . . . . . . . . . . . . . . . . Pick Up 275 | 1 7 1 23 4 19 . 13 6 1 3 . 3 2 3 . 9 29 1 2 2 25 6 . . 3 7 . 7 27 3 9 3 15 7 20 . 12 2 Fast Attach 176 | 6 2 . 2 1 3 . 2 1 . 1 2 . 7 . . . 23 . . . 1 8 1 . 4 1 . 1 14 . 3 2 21 10 18 3 36 3 Attach 79 | . . 1 2 1 . . 5 3 . 2 . . 2 3 . 4 8 . 1 . 2 1 1 . 3 1 . 2 3 1 5 1 4 5 5 2 9 2 Detach 123 | . 1 1 . . 1 . 1 . . 3 . . 6 . . 1 17 . 2 2 2 9 6 . 9 . . 1 12 1 2 2 13 9 3 3 15 1 Swap 269 | 1 4 . 17 9 14 5 14 13 1 4 . 9 9 3 4 . 16 7 14 6 3 2 6 . 5 6 1 . . 4 5 8 8 29 29 . 8 5 Drop 329 | . 1 . 17 5 27 . 20 5 1 5 2 3 5 2 . 6 45 1 3 1 1 10 3 . 7 4 . 5 18 2 12 3 31 17 24 2 38 3 Fire 965 | . 37 7 106 25 75 17 55 40 10 8 . 35 11 . 3 21 48 13 31 14 17 26 21 1 1 8 8 13 . 15 . 56 16 37 45 6 115 24 Melee 318 | . . . . . 16 . 3 21 16 12 . 7 16 . 1 4 80 . . . . . 2 . . . . . 7 9 11 2 6 45 45 1 14 . Ram 1 | . . . . . . . . . . . . . . . . . 1 . . . . . . . . . . . . . . . . . . . . . Kick 7 | . . . . . . . . . . . . . . . . . . . 1 . . . . . . 4 . . . . . . . . . . . 2 Crush 9 | . 2 . . 2 . 1 4 . . . . . . . . . . . . . . . . . . . . . . . . . . . . . . . Escape Stasis 9 | . . . . . . . . . . . . . . . . . . . . . . . . . . 5 . . . . . . . . . 1 3 . Rewire 73 | . . . . . . . . . . 3 . . . . . . . . . . . 59 . . 1 . 1 . . . . . . . . . 9 . Trap . | . . . . . . . . . . . . . . . . . . . . . . . . . . . . . . . . . . . . . . . Miscellaneous . | . . . . . . . . . . . . . . . . . . . . . . . . . . . . . . . . . . . . . . . Route ------- -11/Junkyard -10/Materials (discovered 3 exits: *Mat / [*Min x2]) -10/Mines (discovered 2 exits: *Mat x2) -9/Materials (discovered 4 exits: *Mat x3 / *Min) -9/Mines (discovered 3 exits: *Mat x2 / *Exi) -9/Exiles (discovered 2 exits: [*Min x2]) -8/Mines -8/Materials (discovered 2 exits: *Fac x2) -7/Factory (discovered 3 exits: Sto / *Low x2) -7/Lower Caves -7/Lower Caves -7/Data Miner -6/Proximity Caves -6/Factory (discovered 4 exits: *Low x2 / Ext x2) -6/Lower Caves -6/Lower Caves -6/Zion (discovered 2 exits: [*Dee] / [*Pro]) -6/Deep Caves -5/Proximity Caves -5/Factory -5/Upper Caves -5/Upper Caves (discovered 2 exits: *Fac / *War) -5/Warlord -4/Proximity Caves -4/Factory -4/Waste -4/Factory (discovered 3 exits: *Upp x2 / Arm) -4/Upper Caves -4/Upper Caves (discovered 2 exits: *Res / *Zhi) -4/Zhirov -3/Proximity Caves -3/Research -3/Quarantine -2/Research (discovered 2 exits: *Acc / *Tes) -2/Testing -2/Section 7 -1/Access -1/Command (discovered 3 exits: [*Sur x2] / [*Ac0]) -1/Access_0 To Fleet Rendezvous History --------- Turn | Location | Event 41 | -11/Junkyard | Discovered new exit (range 15) 73 | -11/Junkyard | Entered Materials 73 | -10/Materials | Discovered new exit (range 14) 282 | -10/Materials | Central database locked down 312 | -10/Materials | Build established: Mutant 472 | -10/Materials | Discovered new exit (range 12) 619 | -10/Materials | Discovered new exit (range 8) 826 | -10/Materials | Entered Mines 1046 | -10/Mines | Core integrity fell below 50% 1128 | -10/Mines | Discovered new exit (range 7) 1144 | -10/Mines | Assisted by bots powering up and referring to "LRC-V3" 1372 | -10/Mines | Discovered new exit (range 8) 1404 | -10/Mines | Found a damaged Exp. Sensor Array with a note attached 1407 | -10/Mines | Found Prototype Device 1433 | -10/Mines | Learned location of Zion (-6) 1534 | -10/Mines | Identified Exp. Sensor Array 1648 | -10/Mines | Entered Materials 1648 | -9/Materials | Accompanied by 2 allies 1648 | -9/Materials | Evolved 2 slots: Propulsion x1, Utility x1 2451 | -9/Materials | Discovered new exit (range 16) 3442 | -9/Materials | Discovered new exit (range 10) 3820 | -9/Materials | Discovered new exit (range 4) 4354 | -9/Materials | Discovered new exit (range 7) 4377 | -9/Materials | Entered Mines 4440 | -9/Mines | Assembled infested the area 4440 | -9/Mines | YI-UF0 nonchalantly dropped a Grenade Launcher on the ground 4610 | -9/Mines | Destroyed YI-UF0 4617 | -9/Mines | Found Prototype Storage 4618 | -9/Mines | Identified YI-UF0's Bottomless Matter Pit 4734 | -9/Mines | Learned location of Storage (-7) 4754 | -9/Mines | Discovered new exit (range 5) 5111 | -9/Mines | Found the Drone Emporium 5122 | -9/Mines | Found Prototype Device 5122 | -9/Mines | Identified Thief Drone Bay 5187 | -9/Mines | Core integrity fell below 50% 5248 | -9/Mines | Learned 2 Materials zone layouts 5315 | -9/Mines | Discovered new exit (range 8) 5668 | -9/Mines | Discovered new exit (range 5) 5677 | -9/Mines | Entered Exiles 5713 | -9/Exiles | Discovered new exit (range 15) 5742 | -9/Exiles | Met 8R-AWN 5778 | -9/Exiles | Met EX-HEX 5891 | -9/Exiles | Met EX-DEC 6004 | -9/Exiles | Discovered new exit (range 12) 6164 | -9/Exiles | Met EX-BIN 6191 | -9/Exiles | Aligned with FarCom system 6193 | -9/Exiles | Given EX-Vault access code 6242 | -9/Exiles | Opened EX-Vault 6254 | -9/Exiles | Found Field Lobotomy Kit 6259 | -9/Exiles | Found AWS/Gauss 6267 | -9/Exiles | Found Trap Reconfigurator 6307 | -9/Exiles | Warned to stay clear of 0b10 Research branches 6876 | -9/Exiles | Attacked by the Exiles 7310 | -9/Exiles | Destroyed 8R-AWN 7331 | -9/Exiles | Found Prototype Processor 7354 | -9/Exiles | Found Prototype Device 7354 | -9/Exiles | Identified AS-neutralizer No. 17b 7371 | -9/Exiles | Found Prototype Ballistic Gun 7415 | -9/Exiles | Identified 8R-AWN's Boregun 7415 | -9/Exiles | Found 8R-AWN's Boregun 7673 | -9/Exiles | Destroyed EX-DEC 7741 | -9/Exiles | Allies destroyed EX-HEX 7770 | -9/Exiles | Allies destroyed EX-BIN 7809 | -9/Exiles | Found Deploy-a-Sentry 8131 | -9/Exiles | Stole four prototypes: Trap Reconfigurator, AWS/Gauss, Field Lobotomy Kit, Deploy-a-Sentry 8131 | -9/Exiles | Entered Mines 8207 | -8/Mines | Core integrity fell below 20% 8461 | -8/Mines | Discovered new exit (range 6) 8476 | -8/Mines | Entered Materials 8476 | -8/Materials | Evolved 2 slots: Propulsion x1, Utility x1 8477 | -8/Materials | Identified exit to Factory 8477 | -8/Materials | Identified Exp. Targeting Computer 8772 | -8/Materials | Build established: Scavenger-Mutant 9148 | -8/Materials | Discovered exit to Factory (range 9) 9601 | -8/Materials | Build established: Mutant 10596 | -8/Materials | Repaired Exp. Sensor Array 10743 | -8/Materials | Build established: Hacker-Mutant 11445 | -8/Materials | Entered Factory 11445 | -7/Factory | Evolved 2 slots: Utility x2 11446 | -7/Factory | Identified exit to Storage 11500 | -7/Factory | Identified exit to Lower Caves 11625 | -7/Factory | Build established: Mutant 11908 | -7/Factory | Garrison activated, responded to threat 12085 | -7/Factory | Garrison activated, responded to threat 12414 | -7/Factory | Entered Lower Caves 12415 | -7/Lower Caves | Encountered a Warlord checkpoint 13255 | -7/Lower Caves | Discovered new exit (range 9) 13342 | -7/Lower Caves | Identified exit to Lower Caves 13343 | -7/Lower Caves | Entered another Lower Caves area 13343 | -7/Lower Caves | Spotted NC-2ZS(f) 13344 | -7/Lower Caves | Encountered a Master Thief 13344 | -7/Lower Caves | Trap Reconfigurator stolen by Master Thief 13347 | -7/Lower Caves | DAS Turret deployed 13514 | -7/Lower Caves | Attracted the attention of an 0b10 outpost 13570 | -7/Lower Caves | Learned Factory garrison access intel 13972 | -7/Lower Caves | Discovered new exit (range 7) 14027 | -7/Lower Caves | Found Prototype Device 14100 | -7/Lower Caves | Identified exit to Data Miner 14102 | -7/Lower Caves | Entered Data Miner 14102 | -7/Data Miner | Accompanied by 1 ally 14102 | -7/Data Miner | Discovered new exit (range 6) 14130 | -7/Data Miner | Met Data Miner 14155 | -7/Data Miner | Learned location of Section 7 (-2) 14155 | -7/Data Miner | Acquired the access code to Warlord's prototype stash 14175 | -7/Data Miner | Received God Mode back door access code from Data Miner 14207 | -7/Data Miner | Identified exit to Proximity Caves 14225 | -7/Data Miner | Entered Proximity Caves 14225 | -6/Proximity Caves | Accompanied by 1 ally 14721 | -6/Proximity Caves | Escorted by Enhanced Grunt 14904 | -6/Proximity Caves | Learned Factory garrison access intel 15005 | -6/Proximity Caves | Discovered new exit (range 15) 15033 | -6/Proximity Caves | Identified exit to Factory 15034 | -6/Proximity Caves | Entered Factory 15034 | -6/Factory | Evolved 2 slots: Utility x2 15035 | -6/Factory | Loaded intel: 4 garrison access locations 15412 | -6/Factory | Build established: Scavenger-Assassin 15964 | -6/Factory | Identified exit to Lower Caves 15964 | -6/Factory | Identified exit to Extension 16025 | -6/Factory | Identified Heart of Steel 16048 | -6/Factory | Entered Lower Caves 16298 | -6/Lower Caves | Encountered a Warlord checkpoint 16333 | -6/Lower Caves | Build established: Scavenger-Mutant 16411 | -6/Lower Caves | Discovered new exit (range 16) 16433 | -6/Lower Caves | Identified exit to Lower Caves 16438 | -6/Lower Caves | Entered another Lower Caves area 16578 | -6/Lower Caves | Learned Factory garrison access intel 16653 | -6/Lower Caves | Encountered a Warlord checkpoint 16799 | -6/Lower Caves | Discovered new exit (range 10) 16812 | -6/Lower Caves | Identified exit to Zion 16914 | -6/Lower Caves | Entered Zion 16983 | -6/Zion | Given the Hacking Drone Bay 17084 | -6/Zion | Discovered new exit (range 12) 17097 | -6/Zion | Learned Factory stockpile data 18237 | -6/Zion | Found CR-A16's Pointy Stick 18597 | -6/Zion | Attacked by Zionites 18599 | -6/Zion | Heart of Steel transformed into Warbot 18824 | -6/Zion | Extracted access codes from Imprinter's data core 18922 | -6/Zion | Opened final containment barrier to the Deep Caves 18956 | -6/Zion | Discovered new exit (range 3) 18956 | -6/Zion | Saw the warning signs outside the Deep Caves entrance 18967 | -6/Zion | Entered Deep Caves 18967 | -6/Deep Caves | Accompanied by 1 ally (Warbot) 19293 | -6/Deep Caves | Z-Facility disabled 19371 | -6/Deep Caves | Lost 3 parts (1p2u) 19413 | -6/Deep Caves | Found Prototype Protection 19413 | -6/Deep Caves | Identified Zio. Weapon Casing 19517 | -6/Deep Caves | Found Zio. Weapon Casing 19918 | -6/Deep Caves | Discovered new exit (range 7) 20066 | -6/Deep Caves | Found Prototype Protection 20066 | -6/Deep Caves | Identified Zio. Heavy Carapace 20110 | -6/Deep Caves | Found Zio. Weapon Casing 20112 | -6/Deep Caves | Found Zio. Weapon Casing 20418 | -6/Deep Caves | Spotted as-88769 20426 | -6/Deep Caves | Destroyed as-88769 20545 | -6/Deep Caves | Spotted as-04126 20560 | -6/Deep Caves | Destroyed as-04126 20590 | -6/Deep Caves | Lost 5 parts (2n3u) 20692 | -6/Deep Caves | Triggered Deep Caves wall 20704 | -6/Deep Caves | Spotted AS-22580 20718 | -6/Deep Caves | Spotted AS-60502 20748 | -6/Deep Caves | Destroyed AS-22580 20782 | -6/Deep Caves | Destroyed AS-60502 20951 | -6/Deep Caves | Found Prototype Storage 20951 | -6/Deep Caves | Identified Superbattery 21258 | -6/Deep Caves | Exposed GOLEM chamber 21262 | -6/Deep Caves | Found GOLEM Unit 21287 | -6/Deep Caves | Found GOLEM Unit 21293 | -6/Deep Caves | Found GOLEM Unit 21746 | -6/Deep Caves | Identified exit to Proximity Caves 21910 | -6/Deep Caves | Entered Proximity Caves 21951 | -5/Proximity Caves | Build established: Golem 22488 | -5/Proximity Caves | Identified exit to Factory 22823 | -5/Proximity Caves | Entered Factory 22823 | -5/Factory | Evolved 2 slots: Power x1, Utility x1 22825 | -5/Factory | Loaded intel: 4 garrison access locations 23696 | -5/Factory | Discovered new exit (range 6) 23808 | -5/Factory | Identified exit to Upper Caves 23902 | -5/Factory | Cargo convoy interrupted 23923 | -5/Factory | Entered Upper Caves 23923 | -5/Upper Caves | Spotted 3Z-0WU(f) 23924 | -5/Upper Caves | Encountered a Master Thief 23928 | -5/Upper Caves | Superbattery stolen by Master Thief 23982 | -5/Upper Caves | Learned Factory emergency access door positions 23999 | -5/Upper Caves | Identified exit to Upper Caves 24514 | -5/Upper Caves | Attracted the attention of an 0b10 checkpoint 24566 | -5/Upper Caves | Entered another Upper Caves area 24567 | -5/Upper Caves | Identified exit to Warlord 24691 | -5/Upper Caves | Discovered new exit (range 12) 24892 | -5/Upper Caves | Found Alien Artifact 25244 | -5/Upper Caves | Spotted 3L-U3C(f) 25245 | -5/Upper Caves | Encountered a Master Thief 25245 | -5/Upper Caves | Spotted L3-2J7(f) 25245 | -5/Upper Caves | Spotted 08-IMI(f) 25246 | -5/Upper Caves | Encountered a Master Thief 25246 | -5/Upper Caves | Encountered a Master Thief 25248 | -5/Upper Caves | Field Lobotomy Kit stolen by Master Thief 25249 | -5/Upper Caves | AWS/Gauss stolen by Master Thief 25260 | -5/Upper Caves | Destroyed 08-IMI(f) 25654 | -5/Upper Caves | Entered Warlord 25742 | -5/Warlord | System corruption cleaned by Quarantine Array 26410 | -5/Warlord | Build established: Commander-Golem 26473 | -5/Warlord | Met Warlord 26491 | -5/Warlord | Opened Warlord's prototype stash 26498 | -5/Warlord | Warlord's base attacked by MAIN.C 26498 | -5/Warlord | Found Prototype Device 26498 | -5/Warlord | Identified Thermal Barrier 26513 | -5/Warlord | Found Prototype Reactor 26513 | -5/Warlord | Identified Vortex Chain Reactor 26523 | -5/Warlord | Found Prototype Processor 26523 | -5/Warlord | Identified Exp. Target Analyzer 26848 | -5/Warlord | Warlord forces counterattacked 26859 | -5/Warlord | Spotted Striker 26866 | -5/Warlord | Allies destroyed Striker 26867 | -5/Warlord | Spotted Executioner 26876 | -5/Warlord | Allies destroyed Executioner 27002 | -5/Warlord | Spotted Executioner 27002 | -5/Warlord | Spotted Executioner 27002 | -5/Warlord | Spotted Executioner 27006 | -5/Warlord | P-70 Sage assimilated allied GD-WAK(g) 27008 | -5/Warlord | P-80 Master assimilated allied XZ-MIG(g) 27019 | -5/Warlord | P-80 Master assimilated allied QF-YZ1(g) 27019 | -5/Warlord | Spotted QF-YZ1(g) 27047 | -5/Warlord | Found Prototype Processor 27047 | -5/Warlord | Identified Exp. Core Analyzer 27169 | -5/Warlord | Build established: Golem 27172 | -5/Warlord | Spotted Striker 27173 | -5/Warlord | Warlord base infiltrated, sounded retreat 27303 | -5/Warlord | Spotted Striker 27305 | -5/Warlord | Spotted Striker 27305 | -5/Warlord | Spotted Executioner 27401 | -5/Warlord | Discovered new exit (range 12) 27420 | -5/Warlord | Identified exit to Proximity Caves 27422 | -5/Warlord | Entered Proximity Caves 27424 | -4/Proximity Caves | Spotter reported a threat 27425 | -4/Proximity Caves | Spotter reported a threat 27517 | -4/Proximity Caves | Acquired the password to a Derelict Tinkerer's latest research 27724 | -4/Proximity Caves | Caught by Unaware searching for contraband prototypes 27813 | -4/Proximity Caves | Spotted B-86 Titan 27882 | -4/Proximity Caves | Revealed the true nature of CR-A16's Pointy Stick 27885 | -4/Proximity Caves | Destroyed B-86 Titan 28327 | -4/Proximity Caves | Discovered new exit (range 9) 28353 | -4/Proximity Caves | Identified exit to Factory 28360 | -4/Proximity Caves | Entered Factory 28360 | -4/Factory | Evolved 2 slots: Propulsion x1, Utility x1 28362 | -4/Factory | Loaded intel: 4 garrison access locations 28509 | -4/Factory | Sucked down chute 28509 | -4/Factory | Entered Waste 28510 | -4/Waste | Joined by Warlord forces that had cleared the area 28630 | -4/Waste | A Compactor rumbled back to life 28631 | -4/Waste | Spotted C-40 Crusher 28635 | -4/Waste | Destroyed C-40 Crusher 28741 | -4/Waste | Found Prototype Device 28741 | -4/Waste | Identified Exp. Actuator Array 28825 | -4/Waste | Discovered new exit (range 14) 29189 | -4/Waste | Identified exit to Factory 29203 | -4/Waste | Entered Factory 29203 | -4/Factory | Accompanied by 20 allies 29471 | -4/Factory | Identified exit to Upper Caves 29471 | -4/Factory | Identified exit to Armory 29544 | -4/Factory | Build established: Mutant 29587 | -4/Factory | Fabricated Cmb. Antigrav System (x2) 30013 | -4/Factory | Entered Upper Caves 30013 | -4/Upper Caves | Accompanied by 6 allies 30537 | -4/Upper Caves | Attracted the attention of an 0b10 checkpoint 30597 | -4/Upper Caves | Discovered new exit (range 15) 30627 | -4/Upper Caves | Identified exit to Upper Caves 30692 | -4/Upper Caves | Entered another Upper Caves area 30962 | -4/Upper Caves | Discovered new exit (range 8) 30970 | -4/Upper Caves | Learned Research stockpile data 31451 | -4/Upper Caves | Discovered new exit (range 15) 31453 | -4/Upper Caves | Spotted 2D-9VI(f) 31453 | -4/Upper Caves | Spotted 84-8Q2(f) 31454 | -4/Upper Caves | Encountered a Master Thief 31454 | -4/Upper Caves | Encountered a Master Thief 31454 | -4/Upper Caves | Encountered a Master Thief 31454 | -4/Upper Caves | Encountered a Master Thief 31455 | -4/Upper Caves | Spotted HI-MP4(f) 31456 | -4/Upper Caves | Encountered a Master Thief 31456 | -4/Upper Caves | Destroyed EM-E6N(f) 31458 | -4/Upper Caves | Alien Artifact stolen by Master Thief 31459 | -4/Upper Caves | Adv. Heavy Siege Treads stolen by Master Thief 31462 | -4/Upper Caves | Spotted KE-CCD(f) 31470 | -4/Upper Caves | Lrg. Storage Unit stolen by Master Thief 31479 | -4/Upper Caves | Cmb. Antigrav System stolen by Master Thief 31480 | -4/Upper Caves | Destroyed HI-MP4(f) 31548 | -4/Upper Caves | Identified exit to Zhirov 31550 | -4/Upper Caves | Entered Zhirov 31550 | -4/Zhirov | Discovered new exit (range 3) 31588 | -4/Zhirov | Met Zhirov 31630 | -4/Zhirov | Learned location of Quarantine (-3) 31630 | -4/Zhirov | Learned location of Testing (-2) 31630 | -4/Zhirov | Learned location of Command (-1) 31649 | -4/Zhirov | Zhirov requested help retrieving the SGEMP Prototype 31681 | -4/Zhirov | Found Alien Artifact 31681 | -4/Zhirov | Identified Integrated Reactor 31681 | -4/Zhirov | Installed Integrated Reactor, increased core energy generation (+10) 31706 | -4/Zhirov | Found Alien Artifact 32180 | -4/Zhirov | Identified exit to Proximity Caves 32181 | -4/Zhirov | Entered Proximity Caves 32196 | -3/Proximity Caves | Spotter reported a threat 32196 | -3/Proximity Caves | Spotter reported a threat 32249 | -3/Proximity Caves | Spotter reported a threat 32278 | -3/Proximity Caves | Spotter reported a threat 32334 | -3/Proximity Caves | Attracted the attention of an 0b10 checkpoint 32376 | -3/Proximity Caves | Spotter reported a threat 32467 | -3/Proximity Caves | Spotter reported a threat 32808 | -3/Proximity Caves | Received a Behemoth hack from an annoying Tinkerer 32901 | -3/Proximity Caves | Discovered new exit (range 7) 32905 | -3/Proximity Caves | Identified exit to Research 32905 | -3/Proximity Caves | Entered Research 32905 | -3/Research | Evolved 2 slots: Propulsion x1, Utility x1 32906 | -3/Research | Identified exit to Quarantine 33058 | -3/Research | Found Quantum Capacitor 33181 | -3/Research | Search patrols dispatched 33183 | -3/Research | Entered Quarantine 33375 | -3/Quarantine | Identified Transdimensional Reconstructor 33375 | -3/Quarantine | Warped through subspace 33384 | -3/Quarantine | Found Alien Artifact 33432 | -3/Quarantine | Cryocooling Duct disabled 33433 | -3/Quarantine | Search patrols dispatched 33447 | -3/Quarantine | Ambient heat levels rising (+20) 33447 | -3/Quarantine | Non-combat units ordered to evacuate 33450 | -3/Quarantine | Found Alien Artifact 33513 | -3/Quarantine | Discovered new exit (range 14) 33521 | -3/Quarantine | Found Alien Slashing Weapon 33529 | -3/Quarantine | Identified Core Reset Matrix 33529 | -3/Quarantine | Identified Terrabomb 33683 | -3/Quarantine | Search patrols dispatched 33709 | -3/Quarantine | Identified exit to Research 33710 | -3/Quarantine | Entered Research 33710 | -2/Research | Warlord forces began assault on 0b10 33710 | -2/Research | Evolved 2 slots: Utility x1, Weapon x1 33711 | -2/Research | Identified Sigix Broadsword 33787 | -2/Research | Met up with Warlord 33793 | -2/Research | Found Prototype Device 33793 | -2/Research | Identified Adv. Kinecellerator 33816 | -2/Research | Spotted B-90 Cyclops 33820 | -2/Research | Research machine network offline 33932 | -2/Research | Found Prototype Slashing Weapon 33932 | -2/Research | Identified Vibroblade 34272 | -2/Research | Spotted Executioner 34275 | -2/Research | Borebot progress halted 34291 | -2/Research | Discovered new exit (range 6) 34293 | -2/Research | Identified exit to Access 34393 | -2/Research | Discovered new exit (range 6) 34467 | -2/Research | Borebot progress halted 34843 | -2/Research | Identified exit to Testing 34844 | -2/Research | Entered Testing 34917 | -2/Testing | Found Prototype Energy Cannon 34917 | -2/Testing | Identified Cld. Nova Cannon 34939 | -2/Testing | Spotted PY-25KOW6VOW6 35018 | -2/Testing | Destroyed PY-25KOW6VOW6 35440 | -2/Testing | Found Prototype Energy Cannon 35440 | -2/Testing | Identified Hpw. Disruptor Cannon 35553 | -2/Testing | Spotted Fortress 35592 | -2/Testing | Discovered new exit (range 5) 35700 | -2/Testing | Identified exit to Section 7 35706 | -2/Testing | Entered Section 7 35711 | -2/Section 7 | Used Core Reset Matrix 35715 | -2/Section 7 | Sensed 22 artifacts in vicinity 35734 | -2/Section 7 | Found Integrated Reactor 35734 | -2/Section 7 | Installed Integrated Reactor, increased core energy generation (+10) 35907 | -2/Section 7 | Found Integrated Reactor 35907 | -2/Section 7 | Installed Integrated Reactor, increased core energy generation (+10) 35925 | -2/Section 7 | Found Spacefold Activator 35987 | -2/Section 7 | Build established: Alien-Mutant 36190 | -2/Section 7 | Found Integrated Mediator 36190 | -2/Section 7 | Installed Integrated Mediator, increased core attachment efficiency. 36236 | -2/Section 7 | Discovered exit to Access (range 15) 36301 | -2/Section 7 | Spotted S7 Guard 36314 | -2/Section 7 | Found Core Regenerator 36358 | -2/Section 7 | Spotted B-99 Colossus 36387 | -2/Section 7 | Found Core Expander 36388 | -2/Section 7 | Found Core Expander 36390 | -2/Section 7 | Found Core Expander 36411 | -2/Section 7 | Found LRC Armor 36411 | -2/Section 7 | Installed LRC Armor, increased core integrity (+250) 36415 | -2/Section 7 | Found LRC Matter Compressor 36415 | -2/Section 7 | Installed LRC Matter Compressor, increased matter storage capacity (+125) 36417 | -2/Section 7 | Found LRC Armor 36417 | -2/Section 7 | Installed LRC Armor, increased core integrity (+250) 36497 | -2/Section 7 | Found Hpw. Transdimensional Reconstructor 36499 | -2/Section 7 | Found Transdimensional Reconstructor 36501 | -2/Section 7 | Found Transdimensional Reconstructor 36504 | -2/Section 7 | Found Transdimensional Reconstructor 36572 | -2/Section 7 | Found Sigix Sheargun 36574 | -2/Section 7 | Found Sigix Sheargun 36809 | -2/Section 7 | Integrated with Sigix Exoskeleton 36809 | -2/Section 7 | Installed Core Expander, added new Propulsion slot 36811 | -2/Section 7 | Installed Core Expander, added new Propulsion slot 36815 | -2/Section 7 | Installed Core Expander, added new Propulsion slot 36818 | -2/Section 7 | Used Terrabomb 36892 | -2/Section 7 | Spotted Striker 36893 | -2/Section 7 | Entered Access 36893 | -1/Access | Evolved 2 slots: Utility x1, Weapon x1 36898 | -1/Access | Emitted hypermatrix ping 36903 | -1/Access | Assembled emerged from beneath the floor 36932 | -1/Access | Crushed by falling debris 36951 | -1/Access | Discovered new exit (range 17) 37007 | -1/Access | Entered Command 37007 | -1/Command | Accompanied by 1 ally 37012 | -1/Command | Emitted hypermatrix ping 37017 | -1/Command | Assembled emerged from beneath the floor 37097 | -1/Command | Build established: Alien-Sigix 37105 | -1/Command | Found Prototype Processor 37105 | -1/Command | Identified Exp. Armor Integrity Analyzer 37177 | -1/Command | Assembled emerged from beneath the floor 37232 | -1/Command | Spotted Alpha 7 37233 | -1/Command | Spotted Striker 37253 | -1/Command | Spotted Executioner 37257 | -1/Command | First assault squad dispatched 37274 | -1/Command | Incoming assault squad redirected 37276 | -1/Command | Destroyed Striker 37282 | -1/Command | Destroyed Executioner 37291 | -1/Command | Discovered new exit (range 18) 37336 | -1/Command | Sigix Exoskeleton integrity reduced to 80% 37350 | -1/Command | Found Prototype Processor 37350 | -1/Command | Identified Exp. Target Analyzer 37352 | -1/Command | Found Prototype Processor 37352 | -1/Command | Identified Exp. Targeting Computer 37355 | -1/Command | Found Prototype Device 37355 | -1/Command | Identified Exp. ECM Suite 37357 | -1/Command | Found Unknown Device 37357 | -1/Command | Identified Antimissile System 37370 | -1/Command | Found Prototype Processor 37370 | -1/Command | Identified Exp. Core Analyzer 37374 | -1/Command | Found Prototype Device 37374 | -1/Command | Identified Adv. Kinecellerator 37422 | -1/Command | Spotted Combat Programmer 37442 | -1/Command | Spotted Combat Programmer 37442 | -1/Command | Destroyed Combat Programmer 37461 | -1/Command | Destroyed Combat Programmer 37485 | -1/Command | Assembled emerged from beneath the floor 37499 | -1/Command | Destroyed M Guard 37499 | -1/Command | Destroyed M Guard 37499 | -1/Command | All MAIN.C guards destroyed 37513 | -1/Command | Found Prototype Device 37513 | -1/Command | Identified Thermal Barrier 37516 | -1/Command | Found Prototype Device 37516 | -1/Command | Identified AEGIS Remote Shield 37519 | -1/Command | Found AEGIS Remote Shield 37648 | -1/Command | 0b10 Conduit disabled 37665 | -1/Command | Met MAIN.C 37712 | -1/Command | MAIN.C's shell transforms into a squad of autonomous robots 37712 | -1/Command | Destroyed MAIN.C Shell 37712 | -1/Command | Spotted M Shell/Def 37712 | -1/Command | Spotted M Shell/Atk 37712 | -1/Command | Spotted M Shell/Def 37712 | -1/Command | Spotted M Shell/Atk 37712 | -1/Command | Spotted M Shell/Atk 37712 | -1/Command | Spotted M Shell/Def 37712 | -1/Command | Spotted M Shell/Atk 37712 | -1/Command | Spotted M Shell/Def 37714 | -1/Command | MAIN.C activated Command garrisons 37719 | -1/Command | Sigix Exoskeleton integrity reduced to 60% 37722 | -1/Command | Discovered new exit (range 18) 37773 | -1/Command | Destroyed MAIN.C 37854 | -1/Command | Discovered new exit (range 18) 37854 | -1/Command | Discovered new exit (range 124) 37854 | -1/Command | Extracted map data and part IDs from MAIN.C's data core 38078 | -1/Command | Found Exp. System Purifier 38224 | -1/Command | Found Exp. Armor Integrity Analyzer 38237 | -1/Command | Found Adv. Particle Accelerator 38278 | -1/Command | Found Zero-point Reactor 38363 | -1/Command | Phase Generator disabled 38377 | -1/Command | Assembled emerged from beneath the floor 38424 | -1/Command | Assembled emerged from beneath the floor 38465 | -1/Command | Warped through subspace to slip node 38465 | -1/Command | Discovered new exit (range 4) 38469 | -1/Command | Entered Access_0 38470 | -1/Access_0 | Sensed 3 artifacts in vicinity 38470 | -1/Access_0 | Met Architect 38474 | -1/Access_0 | Core integrity fell below 50% 38481 | -1/Access_0 | Subspace Access Node disabled 38520 | -1/Access_0 | A6 warped into view 38529 | -1/Access_0 | Subspace Access Node disabled 38566 | -1/Access_0 | A5 warped into view 38582 | -1/Access_0 | Subspace Access Node disabled 38628 | -1/Access_0 | Subspace Access Node disabled 38648 | -1/Access_0 | A4 warped into view 38664 | -1/Access_0 | Found Core Regenerator 38664 | -1/Access_0 | Used Core Regenerator, restored core integrity (+525) 38682 | -1/Access_0 | Singularity Gate disabled 38691 | -1/Access_0 | Singularity Gate disabled 38809 | -1/Access_0 | Sigix Exoskeleton integrity reduced to 40% 38853 | -1/Access_0 | A3 warped into view 38868 | -1/Access_0 | Sigix Exoskeleton integrity reduced to 20% 38879 | -1/Access_0 | Found Sigix Corpse 38898 | -1/Access_0 | Found Hpw. Transdimensional Reconstructor 38898 | -1/Access_0 | Warped through subspace to slip node 38898 | -1/Access_0 | Discovered new exit (range 8) 38904 | *** | Heading to fleet! Last Messages --------------- 38881_ Knocked back. 38881_ Penetrated by HV Slug. 38881_ HV Slug penetrates Earth. 38882_ HV Slug penetrates Wall. 38882_ HV Slug penetrates Machine. 38882_ HV Slug penetrates Earth. 38882_ Penetrated by HV Slug. 38882_ HV Slug penetrates Wall. 38882_ Penetrated by HV Slug. 38882_ HV Slug penetrates Earth. 38883_ Acquired 1 matter. 38890_ Penetrated by HV Slug. 38890_ HV Slug penetrates Wall. 38895_ Quantum Shear penetrates Workstation. 38895_ Workstation disabled. 38898_ Acquired Hpw. Transdimensional Reconstructor. 38898_ Warped through subspace, drawn to slip node. 38898_ EXIT=FOUND 38898_ A0_RES: I have more important things to do than play hide-and-seek. Deal with this piece of junk if it returns. Map ----- +----------------------------------------------------+ | | | | | | | | | | | | | | | | | | | | | | | | | | | | | | | | | ???????????#############################?????????? | | ??????????###############################????????? | | ?????????#################################???????? | | ?????????#################################???????? | | ?????????#################################???????? | | ????????###################################??????? | | ????????###################################??????? | | ????????################# #################??????? | | ????????################ ################??????? | | ????????################ X ################??????? | | ???????################# #################?????? | | ???????################ #################?????? | | ???????################ #################??????? | | ???????################# #################?????? | | ???????################ ################??????? | | ???????################ ##################?????? | | ??????################# < ################??????? | | ???????################ #################??????? | | ???????################# #################??????? | | ???????####################################??????? | | ???????####################################??????? | | ???????###################################???????? | | ????????##################################???????? | | ????????##################################???????? | | ????????#################################????????? | | ?????????###############################?????????? | | ??????????##############################?????????? | | ??????????#############################??????????? | | ???????????###########################???????????? | | ????????????#########################????????????? | | ?????????????#######################?????????????? | | ???????????????###################???????????????? | | ????????????????#################????????????????? | | ???????????????????###########???????????????????? | +----------------------------------------------------+ Best States ------------- Heat Dissipation 122 Coolant Potential 100 Energy Generation 105 Energy Capacity 1700 Matter Stores 425 Matter Capacity 425 Sight Range 22 Robot Scan Range 20 Terrain Scan Density 10 Jamming Range 16 Cloak Strength 2 Additional Mass Support 20 Armor Coverage 1425 Resistance: KI 50 Resistance: TH 50 Resistance: EX 50 Resistance: EM 50 Resistance: I 50 Resistance: S 50 Resistance: P 50 Propulsion Shielding 66 Utility Shielding 66 Weapon Shielding 100 Point Defense Rating 240 Weapon Cycling 25 Phase Shifting 15 Evasion (%) 84 Targeting Accuracy 12 Core Analysis 8 Armor Integrity Analysis 50 Recoil Reduction 4 Offensive Hacking 21 Defensive Hacking 10 Authchip Count 1 Item Schematics ----------------- None Robot Schematics ------------------ None Fabricated ------------ Cmb. Antigrav System | x2 | -4/Factory | Authchip Alien Tech Used ----------------- Integrated Reactor Transdimensional Reconstructor Sigix Broadsword Core Reset Matrix Spacefold Activator Integrated Mediator LRC Armor LRC Matter Compressor Sigix Exoskeleton Sigix Sheargun Core Expander Terrabomb High-powered Transdimensional Reconstructor Core Regenerator Achievements -------------- None Challenges ------------ None Game ------ Seed MetafiberGravmagScanner Manual? 0 Play Time 05:07:23 Cumulative 401.3 hours Start 2023.04.03 @ 17:25:58 End 2023.04.03 @ 23:32:10 Sessions 1 Manual Loads 0 Difficulty Rogue Special Mode None Game No. 478 Rogue 391 Adventurer 87 Explorer 0 Win Type 2 Total 20 Types 7/0/11/1/1/0/0/0/0 Lore% 88 Gallery% 91 Achievement% 73 Wizard Run 0 Options --------- ASCII 0 Keyboard 1 Movement Numpad Keybinds 0 Fullscreen 1 Font 18/SmallcapsGlow Map View 76x50 Tactical HUD 1 Map Filters NONE Filters NONE Steam 1 RUN: 565abe52-d0ad-4281-9fde-3b21159ddad2